 Dungeon Crawl Stone Soup version 0.31-a0-691-g409c26aa35 (webtiles) character file.

Game seed: 13914637383589017429

522511 qw the Conqueror (level 25, -3/187 HPs)
             Began as a Gargoyle Hunter on Sept 5, 2023.
             Was a High Priest of Okawaru.
             Slain by a green draconian monk (18 damage)
             ... led by a purple draconian shifter
             ... on level 3 of the Realm of Zot on Sept 6, 2023.
             The game lasted 00:52:17 (73855 turns).

qw the Conqueror (Gargoyle Hunter)                 Turns: 73855, Time: 00:52:18

Health: -3/187     AC: 51    Str: 16    XL:     25   Next: 34%
Magic:  31/31      EV: 32    Int: 13    God:    Okawaru [*****.]
Gold:   1893       SH:  0    Dex: 27    Spells: 24/24 levels left

rFire   + + .        h - +8 storm bow {elec, penet}
rCold   . . .        (shield currently unavailable)
rNeg    + . .        g - +3 ring mail "Jiven" {Will++ Stlth-}
rPois   inf          t - +2 hat {SInv}
rElec   +            m - +2 cloak
rCorr   .            y - +3 pair of gauntlets of War {Slay+5}
SInv    +            D - +2 pair of boots of Fuschiufomn {rF++}
Will    +++..        u - amulet of faith
Stlth   ++           Y - +4 ring of protection
HPRegen 0.51/turn    G - +6 ring of dexterity
MPRegen 0.22/turn

%: faith
@: about to teleport, heroic, flying, constricted
A: sickness immunity, AC +19, big wings, negative energy resistance 1,
electricity resistance, torment resistance 1, petrification resistance
}: 3/15 runes: decaying, serpentine, silver
a: Renounce Religion, Heroism, Finesse, Duel


You were on level 3 of the Realm of Zot.
You worshipped Okawaru.
Okawaru was extremely pleased with you.
You visited 9 branches of the dungeon, and saw 43 of its levels.

You collected 6561 gold pieces.
You spent 4668 gold pieces at shops.


Innate Abilities, Weirdness & Mutations

You are immune to sickness and miasma.
Your stone body is resilient. (AC +19)
You are immune to poison.
Your large and strong wings let you fly.
You resist negative energy. (rN+)
You are resistant to electric shocks. (rElec)
You are resistant to unholy torment.
You are immune to petrification.


   Skills:
 O Level 27 Fighting
 + Level 20.1(25.1) Ranged Weapons
 - Level 19.0(24.0) Armour
 - Level 21.0(26.0) Dodging
 - Level 1.1(6.1) Stealth
 - Level 11.6 Invocations


You had 24 spell levels left.
You didn't know any spells.
Your spell library was empty.

Inventory:

Hand Weapons
 h - the +8 storm bow (weapon) {elec, penet}
   (You acquired it on level 5 of the Dungeon)
 C - the +0 longbow of Qazlal's Supremacy {flame, rF+ rN+ Dex+4}
   (You took it off an ironbound preserver on level 1 of the Vaults)

   Dex+4:     It affects your dexterity (+4).
   rF+:       It protects you from fire.
   rN+:       It protects you from negative energy.
Armour
 g - the +3 ring mail "Jiven" (worn) {Will++ Stlth-}
   (You bought it in a shop on level 2 of the Orcish Mines)

   Will++:    It greatly increases your willpower.
   Stlth-:    It makes you less stealthy.
 l - a +2 helmet
 m - a +2 cloak (worn)
 q - quicksilver dragon scales
 t - a +2 hat of see invisible (worn)
 y - the +3 pair of gauntlets of War (worn) {Slay+5}
   (You acquired it on level 14 of the Dungeon)

   Slay+5:    It affects your accuracy & damage with ranged weapons and melee
   (+5).
 z - a +2 ring mail of fire resistance
 B - the +1 faerie dragon scales {rCorr Dex+4}
   (You took it off the Enchantress on level 1 of the Depths)

   Dex+4:     It affects your dexterity (+4).
   rCorr:     It protects you from acid and corrosion.
 D - the +2 pair of boots of Fuschiufomn (worn) {rF++}
   (You found it on level 3 of the Vaults)

   rF++:      It greatly protects you from fire.
 I - a +2 robe of resistance
Jewellery
 b - the amulet of Onypsety {Spirit Dex+4}
   (You found it on level 5 of the Vaults)

   [amulet of guardian spirit]

   Spirit:    It causes incoming damage to be divided between your reserves of
   health and magic.
   Dex+4:     It affects your dexterity (+4).
 p - the amulet of Dupuf {Acrobat rC+ rCorr Slay+3}
   (You found it on level 5 of the Vaults)

   [amulet of the acrobat]

   Acrobat:   It increases your evasion while moving and waiting.
   Slay+3:    It affects your accuracy & damage with ranged weapons and melee
   (+3).
   rC+:       It protects you from cold.
   rCorr:     It protects you from acid and corrosion.
 u - an amulet of faith (around neck)
 G - a +6 ring of dexterity (right hand)
 H - a ring of protection from fire
 Y - a +4 ring of protection (left hand)
Wands
 j - a wand of digging (12)
Scrolls
 a - 28 scrolls of identify
 c - 11 scrolls of teleportation
 f - 6 scrolls of enchant armour
 w - 11 scrolls of enchant weapon
 x - 2 scrolls of brand weapon
Potions
 d - 24 potions of curing
 e - 6 potions of enlightenment
 k - 6 potions of might
 n - 3 potions of cancellation
 o - 4 potions of resistance
 r - 5 potions of mutation
 A - 8 potions of haste
 E - 2 potions of magic

Dungeon Overview and Level Annotations

Branches:
Dungeon (15/15)            Temple (1/1) D:7            Lair (5/5) D:8
  Swamp (4/4) Lair:3        Snake (4/4) Lair:3        Slime (0/5) Lair:5
    Orc (2/2) D:9             Elf (0/3) Orc:2        Vaults (5/5) D:13
  Crypt (0/3) Vaults:2     Depths (4/4) D:15            Zot (3/5) Depths:4

Altars:
Ashenzari
Cheibriados
Dithmenos
Elyvilon
Fedhas
Gozag
Hepliaklqana
Kikubaaqudgha
Makhleb
Nemelex Xobeh
Okawaru
Qazlal
Ru
Sif Muna
Trog
Uskayaw
Vehumet
Wu Jian
Xom
Yredelemnul
Zin
The Shining One
Jiyva
Lugonu

Shops:
D:3 [   Orc:1 =   Orc:2 **[(   Snake:2 (   Snake:4 :   Vaults:3 !   Vaults:4 (!
Depths:1 :=:

Portals:
Hell: Depths:1 Depths:2 Depths:3 Depths:4
Abyss: Depths:3
Pandemonium: Depths:2
Ziggurat: Depths:2

Annotations:
D:9 1 transporter
D:12 2 transporters, qw's ghost, journeyman GrHu
Orc:1 2 transporters
Vaults:1 1 runed translucent door, Dacon's ghost, adept MiGl
Vaults:2 3 runed translucent doors, qw's ghost, adept GrFi; qw's ghost, adept MiHs
Depths:3 3 runed translucent doors, qw's ghost, veteran GrFi


Message History

The green draconian monk completely misses you.
The tentacled monstrosity tentacle-slaps you but does no damage.
The tentacled monstrosity completely misses you.
The tentacled monstrosity barely misses you.
The tentacled monstrosity constricts you.
You shoot an arrow.
The arrow barely misses the green draconian monk.
The arrow barely misses the yellow draconian.
The green draconian monk hits you!
The green draconian monk kicks you but does no damage.
The green draconian monk tail-slaps you but does no damage.
The green draconian monk completely misses you.
The tentacled monstrosity misses you. x2
The tentacled monstrosity completely misses you.
The tentacled monstrosity constricts you.
73854 ||| READING 12 scrolls of teleportation.
As you read the scroll of teleportation, it crumbles to dust.
You feel strangely unstable.
You feel the Orb delaying your translocation!
The green draconian monk completely misses you.
The green draconian monk barely misses you.
The green draconian monk tail-slaps you!
The green draconian monk tail-slaps you but does no damage.
The tentacled monstrosity tentacle-slaps you but does no damage.
The tentacled monstrosity tentacle-slaps you!
The tentacled monstrosity tentacle-slaps you but does no damage.
The tentacled monstrosity constricts you.
The green draconian monk completely misses you.
The green draconian monk kicks you but does no damage.
The green draconian monk tail-slaps you but does no damage.
The green draconian monk completely misses you.
You shoot an arrow.
The arrow barely misses the green draconian monk.
The arrow pierces through the yellow draconian!!
The yellow draconian is severely wounded.
The tentacled monstrosity completely misses you. x3
The tentacled monstrosity constricts you.
The green draconian monk closely misses you.
The green draconian monk kicks you!!
You die...

################
................
..............!.
.q............
............
.q?.......#
........))#####
.......<$))dq@#
........%..)X##
............##
........###....
........# .....
.)..............
........########
.......##


You could see a tentacled monstrosity (berserk), a green draconian monk
(berserk) and a yellow draconian (berserk).

Vanquished Creatures
  A dread lich (Vaults:5)
  Mara (Snake:4)
  A juggernaut (Depths:3)
  Vashnia (Snake:4)
  the Lernaean hydra (Swamp:4)
  Saint Roka (Vaults:1)
  2 curse toes (Zot:1)
  5 caustic shrikes
  the Enchantress (Depths:1)
  9 golden dragons
  Norris (Depths:1)
  An electric golem (Zot:1)
  10 tentacled monstrosities
  Jorgrun (D:12)
  2 walking earthen tomes (Depths:3)
  Asterion (Snake:2)
  5 titans
  A walking divine tome (Depths:3)
  2 walking crystal tomes (Depths:3)
  2 liches
  A quicksilver dragon (Zot:1)
  11 sphinxes
  7 shadow dragons
  Gastronok (D:10)
  3 death cobs
  7 tengu reavers
  8 storm dragons
  Donald (Swamp:2)
  Kirke (D:15)
  A thorn hunter (Swamp:1)
  2 draconian monks (Zot:1)
  12 fire giants
  2 nagarajas (Snake:4)
  5 deep elf sorcerers
  2 draconian knights (Zot:1)
  A fenstrider witch (Swamp:3)
  2 draconian shifters
  15 frost giants
  3 draconian scorchers
  2 iron dragons (Depths:3)
  15 vault wardens
  22 ironbound preservers
  Louise (D:15)
  A ghost moth (Vaults:1)
  A curse skull (Vaults:2)
  6 orc warlords
  5 spriggan defenders
  2 war gargoyles
  A draconian annihilator (Zot:1)
  5 formless jellyfish
  20 very ugly things
  4 green draconians
  20 stone giants
  7 ironbound thunderhulks
  3 vampire knights
  3 eleionomae
  11 black draconians
  7 yellow draconians
  8 white draconians
  A lorocyproca (Depths:2)
  2 deep elf annihilators (Vaults:5)
  7 purple draconians
  6 bunyips
  5 red draconians
  6 spark wasps
  Snorg (D:11)
  13 dire elephants
  An eidolon (Vaults:2)
  3 crystal guardians
  6 fire dragons
  14 yaktaur captains
  A merfolk impaler (Depths:1)
  An entropy weaver (Vaults:5)
  Josephine (Lair:3)
  18 ettins
  3 deep elf high priests (Vaults:5)
  6 great orbs of eyes
  5 ice dragons
  33 vault guards
  Fannar (Lair:2)
  3 peacekeepers
  3 salamander tyrants
  Erolcha (D:11)
  3 rakshasas
  24 hydras
  5 spriggan air magi
  11 ironbound frosthearts
  7 alligators
  A merfolk avatar (Lair:5)
  9 anacondas
  3 catoblepae
  13 centaur warriors
  4 two-headed ogres
  6 boulder beetles
  A two-headed ogre (shapeshifter) (Depths:1)
  2 dancing weapons (Vaults:5)
  10 deep troll earth magi
  9 deep troll shamans
  A hell hog (Depths:2)
  6 tengu warriors
  A shock serpent (shapeshifter) (Vaults:5)
  16 naga warriors
  12 death yaks
  Urug (D:11)
  5 hell knights
  8 naga sharpshooters
  8 shock serpents
  7 sun demons (Depths:2)
  Sonja (Lair:2)
  6 spriggan berserkers
  11 salamander mystics
  4 skysharks
  8 iron trolls
  5 goliath frogs
  2 spriggan druids
  A swamp dragon (shapeshifter) (Vaults:5)
  4 sea snakes
  Lodul (D:13)
  A storm dragon skeleton (Depths:1)
  72 deep trolls
  16 bog bodies
  12 wizards
  11 swamp dragons
  A steelbarb worm (shapeshifter) (Depths:1)
  8 naga ritualists
  3 glowing orange brains
  5 lindwurms (Vaults:4)
  A deep elf pyromancer (D:14)
  2 orc sorcerers
  A tengu skeleton (Depths:1)
  16 ironbound convokers
  A sphinx simulacrum (Depths:1)
  5 orc knights
  8 phantasmal warriors
  10 harpies
  8 necromancers
  6 mana vipers
  3 shining eyes (Depths:2)
  An oklob plant (Lair:1)
  2 manticores
  A wolf spider (Vaults:4)
  5 will-o-the-wisps
  40 ugly things
  24 salamanders
  12 moths of wrath
  5 cyclopes
  16 naga magi
  9 elephants
  Joseph (D:9)
  23 vault sentinels
  An ice statue (D:11)
  An iron dragon skeleton (Depths:1)
  A salamander (shapeshifter) (Depths:3)
  22 black mambas
  Jeremiah (D:6)
  Maggie (D:8)
  An eye of devastation (Vaults:1)
  2 torpor snails (Lair:5)
  2 unseen horrors (D:12)
  8 guardian serpents
  10 cane toads
  2 freezing wraiths
  Psyche (D:11)
  2 rime drakes
  29 yaktaurs
  A hellion (Depths:2)
  3 kobold demonologists
  5 komodo dragons
  An ice devil (Depths:2)
  6 tengu conjurers
  4 red devils (D:12)
  2 hellwings (Depths:2)
  A bloated husk (Swamp:3)
  10 trolls
  6 tyrant leeches
  A polar bear (Lair:5)
  15 hornets
  A wolf spider simulacrum (D:14)
  19 blink frogs
  5 large abominations (D:15)
  3 spriggan skeletons (Depths:1)
  An ettin zombie (Depths:1)
  15 slime creatures
  17 spriggans
  A shadow (D:12)
  8 wyverns
  A culicivora (shapeshifter) (D:13)
  A water elemental (Depths:1)
  5 wraiths
  A fire elemental (Depths:2)
  3 fire bats (Depths:2)
  4 basilisks
  43 yaks
  3 hogs (D:15)
  2 humans (D:15)
  Grum (D:11)
  8 vampire mosquitoes
  A neqoxec (Depths:2)
  4 steam dragons
  A redback (D:13)
  Menkaure (D:4)
  5 wargs
  22 swamp worms
  2 acid dragons
  47 nagas
  24 water moccasins
  51 orc warriors
  13 ice beasts
  A black bear (shapeshifter) (D:13)
  A hornet zombie (D:7)
  A sky beast (D:6)
  2 black bears
  16 ogres
  7 small abominations (D:15)
  6 swamp drakes (Swamp:4)
  A boggart (D:14)
  6 centaurs
  15 wolves
  3 phantoms
  9 kobold brigands
  4 gnoll sergeants (D:9)
  9 bullfrogs
  6 scorpions
  4 wights
  5 killer bees (D:11)
  6 howler monkeys
  18 electric eels
  A bullfrog zombie (D:7)
  A centaur zombie (D:7)
  A human zombie (D:7)
  3 jellies (Lair:5)
  5 hounds
  3 gnoll boudas
  17 orc priests
  A sleepcap (D:8)
  Natasha (twice) (D:3)
  4 iguanas
  2 hell rats (Lair:3)
  19 orc wizards
  2 killer bee zombies (D:7)
  3 mummies (D:7)
  2 howler monkey zombies (D:7)
  Robin (D:3)
  22 gnolls
  13 adders
  7 river rats (Lair:3)
  4 shadow imps
  4 white imps
  An ufetubus (D:6)
  A worm (D:2)
  3 dart slugs
  114 orcs
  9 endoplasms
  3 giant cockroaches
  14 goblins
  15 hobgoblins
  2 jackals (D:1)
  3 quokkas
  9 ball pythons
  5 bats
  4 frilled lizards
  27 kobolds
  5 rats
  A spectral weapon (Snake:2)
1869 creatures vanquished.

Vanquished Creatures (others)
  A storm dragon (Zot:3)
  A swamp drake (Swamp:4)
  2 howler monkeys (D:8)
  10 foxfires
14 creatures vanquished.

Grand Total: 1883 creatures vanquished

Notes
Turn   | Place    | Note
-------+----------+-------------------------------------------
     0 | D:1      | qw the Gargoyle Hunter began the quest for the Orb.
     0 | D:1      | Reached XP level 1. HP: 12/12 MP: 1/1
     0 | D:1      | 0 ||| qw: Version: 0.3-a-75-g829b12e
     0 | D:1      | 0 ||| qw: Game counter: 212
     0 | D:1      | 0 ||| qw: Melee chars always use a shield: true
     0 | D:1      | 0 ||| qw: God list: Okawaru
     0 | D:1      | 0 ||| qw: Allow faded altars: false
     0 | D:1      | 0 ||| qw: Do Orc after clearing Dungeon:15 true
     0 | D:1      | 0 ||| qw: Do second Lair branch before Depths: true
     0 | D:1      | 0 ||| qw: Lair rune preference: random
     0 | D:1      | 0 ||| qw: Goals: Normal
     0 | D:1      | 0 ||| PLANNING D:1-11
   172 | D:1      | Reached XP level 2. HP: 17/17 MP: 2/2
   652 | D:1      | 652 ||| UPGRADING to +0 ring mail.
   662 | D:1      | 662 ||| DROPPING +0 leather armour.
   663 | D:1      | 663 ||| UPGRADING to ring of positive energy.
   664 | D:1      | 664 ||| UPGRADING to +6 ring of strength.
   665 | D:1      | 665 ||| READING scroll labelled IQI JOUNEI.
   666 | D:1      | 666 ||| READING scroll labelled YCEUXE SETUINO.
   667 | D:1      | 667 ||| READING scroll labelled VAUFUDD JOATO.
   668 | D:1      | 668 ||| READING scroll labelled ENUGIPL TAEJI.
   673 | D:1      | 673 ||| READING scroll labelled CULLO VIMAI.
   674 | D:1      | 674 ||| DROPPING scroll of butterflies.
   696 | D:2      | Reached XP level 3. HP: 21/21 MP: 3/3
   743 | D:2      | Reached skill level 1 in Armour
   860 | D:2      | Reached XP level 4. HP: 27/27 MP: 4/4
   870 | D:2      | Reached skill level 3 in Fighting
  1088 | D:2      | 1088 ||| UPGRADING to +0 pair of boots.
  1093 | D:2      | 1093 ||| READING scroll of enchant armour.
  1093 | D:2      | 1093 ||| ENCHANTING +0 pair of boots.
  1094 | D:2      | 1094 ||| READING scroll labelled ETOT IFFULOU.
  1095 | D:2      | 1095 ||| READING 2 scrolls labelled LONKYU KYKATI.
  1096 | D:2      | 1096 ||| READING scroll of enchant weapon.
  1096 | D:2      | 1096 ||| ENCHANTING +1 shortbow of flaming.
  1097 | D:2      | 1097 ||| READING scroll labelled IMODWO XAMMOUL.
  1207 | D:3      | Found a shimmering blue altar of Sif Muna.
  1241 | D:3      | 1241 ||| READING scroll of enchant armour.
  1241 | D:3      | 1241 ||| ENCHANTING +1 pair of boots.
  1249 | D:3      | Found a faded altar of an unknown god.
  1461 | D:3      | Reached XP level 5. HP: 32/32 MP: 5/5
  1524 | D:3      | Noticed Robin
  1546 | D:3      | Killed Robin
  1596 | D:3      | Found Neatta's Antique Armour Shoppe.
  1599 | D:3      | 1599 ||| BUYING dyed leather armour (135 gold).
  1599 | D:3      | Bought a dyed leather armour for 135 gold pieces
  1599 | D:3      | 1599 ||| SHOPLISTING glowing leather armour (135 gold, have
                  | 84).
  1599 | D:3      | 1599 ||| SHOPLISTING pair of gloves (121 gold, have 84).
  1599 | D:3      | 1599 ||| SHOPLISTING runed ring mail (189 gold, have 84).
  1860 | D:3      | 1860 ||| UPGRADING to +2 helmet.
  1865 | D:3      | 1865 ||| UPGRADING to +2 leather armour of poison
                  | resistance.
  1875 | D:3      | 1875 ||| DROPPING +0 ring mail.
  1876 | D:3      | 1876 ||| DROPPING ring of magical power.
  1877 | D:3      | 1877 ||| DRINKING 2 dark potions.
  1878 | D:3      | 1878 ||| DRINKING 2 fizzy amethyst potions.
  1879 | D:3      | 1879 ||| READING 2 scrolls of identify.
  1879 | D:3      | 1879 ||| IDENTIFYING purple potion
  1918 | D:4      | Noticed Natasha
  1923 | D:4      | 1923 ||| Stepping ~*~*~tactically~*~*~ (retreating).
  1924 | D:4      | 1924 ||| STAIRDANCE
  1927 | D:3      | Killed Natasha
  1928 | D:3      | Reached skill level 6 in Ranged Weapons
  2070 | D:4      | Reached skill level 4 in Fighting
  2070 | D:4      | Reached XP level 6. HP: 38/38 MP: 6/6
  2187 | D:4      | Noticed Menkaure
  2188 | D:4      | 2188 ||| FLEEEEING.
  2189 | D:4      | 2189 ||| FLEEEEING.
  2190 | D:4      | 2190 ||| FLEEEEING.
  2191 | D:4      | 2191 ||| FLEEEEING.
  2216 | D:4      | Killed Menkaure
  2453 | D:4      | Reached XP level 7. HP: 43/43 MP: 7/7
  2627 | D:4      | 2627 ||| READING scroll of enchant weapon.
  2627 | D:4      | 2627 ||| ENCHANTING +2 shortbow of flaming.
  2632 | D:4      | 2632 ||| READING scroll of enchant weapon.
  2632 | D:4      | 2632 ||| ENCHANTING +3 shortbow of flaming.
  2642 | D:4      | Found a bloodstained altar of Trog.
  2644 | D:4      | Found a snail-covered altar of Cheibriados.
  3033 | D:4      | 3033 ||| DRINKING 2 cyan potions.
  3034 | D:4      | 3034 ||| READING 2 scrolls of identify.
  3034 | D:4      | 3034 ||| IDENTIFYING white potion
  3035 | D:4      | 3035 ||| DROPPING potion of attraction.
  3051 | D:5      | Entered Level 5 of the Dungeon
  3259 | D:5      | 3259 ||| FLEEEEING.
  3264 | D:5      | 3264 ||| FLEEEEING.
  3269 | D:5      | 3269 ||| Stepping ~*~*~tactically~*~*~ (outnumbered).
  3274 | D:5      | Reached skill level 5 in Fighting
  3307 | D:5      | Reached XP level 8. HP: 49/49 MP: 8/8
  3733 | D:5      | Reached skill level 9 in Ranged Weapons
  3794 | D:5      | 3794 ||| READING scroll labelled PEROC ANLIGUWY.
  3794 | D:5      | Identified a scroll of acquirement
  3794 | D:5      | 3794 ||| ACQUIRING +8 storm bow {elec, penet}
  3794 | D:5      | Acquired the +8 storm bow {elec, penet}
  3794 | D:5      | Found the +8 storm bow {elec, penet}
  3796 | D:5      | 3796 ||| SWAPPING to +8 storm bow {elec, penet}.
  3797 | D:5      | 3797 ||| DROPPING +4 shortbow of flaming.
  3798 | D:5      | 3798 ||| READING scroll labelled BIPRETHR QYRRA.
  3799 | D:5      | 3799 ||| READING 5 scrolls of identify.
  3799 | D:5      | 3799 ||| IDENTIFYING fuming black potion
  3800 | D:5      | 3800 ||| READING 4 scrolls of identify.
  3800 | D:5      | 3800 ||| IDENTIFYING fizzy purple potion
  3845 | D:6      | 3845 ||| PLANNING D:1-11
  4080 | D:6      | Noticed Jeremiah
  4084 | D:6      | 4084 ||| FLEEEEING.
  4093 | D:6      | HP: 12/49 [Jeremiah/divine providence (14)]
  4094 | D:6      | 4094 ||| READING 2 scrolls of teleportation.
  4286 | D:6      | Reached skill level 6 in Fighting
  4299 | D:6      | 4299 ||| FLEEEEING.
  4300 | D:6      | 4300 ||| FLEEEEING.
  4304 | D:6      | 4304 ||| FLEEEEING.
  4311 | D:6      | Killed Jeremiah
  4323 | D:6      | 4323 ||| FLEEEEING.
  4325 | D:6      | 4325 ||| FLEEEEING.
  4326 | D:6      | 4326 ||| FLEEEEING.
  4327 | D:6      | 4327 ||| FLEEEEING.
  4328 | D:6      | 4328 ||| FLEEEEING.
  4329 | D:6      | 4329 ||| FLEEEEING.
  4336 | D:6      | 4336 ||| FLEEEEING.
  4337 | D:6      | 4337 ||| FLEEEEING.
  4338 | D:6      | 4338 ||| STAIRDANCE
  4421 | D:5      | 4421 ||| UPGRADING to +4 ring of protection.
  4423 | D:5      | 4423 ||| DROPPING ring of positive energy.
  4427 | D:6      | 4427 ||| PLANNING D:1-11
  4434 | D:6      | Reached XP level 9. HP: 55/55 MP: 9/9
  4659 | D:6      | 4659 ||| PLANNING D:1-11
  4888 | D:6      | 4888 ||| PLANNING D:1-11
  4889 | D:6      | Reached skill level 3 in Dodging
  5118 | D:6      | 5118 ||| PLANNING D:1-11
  5704 | D:6      | 5704 ||| Stepping ~*~*~tactically~*~*~ (outnumbered).
  5710 | D:6      | Reached skill level 7 in Fighting
  5711 | D:6      | 5711 ||| UPGRADING to +0 pair of gloves.
  5718 | D:6      | 5718 ||| READING scroll labelled UTANGO PECKUG.
  5743 | D:6      | 5743 ||| FLEEEEING.
  5745 | D:6      | 5745 ||| FLEEEEING.
  5746 | D:6      | 5746 ||| FLEEEEING.
  5747 | D:6      | 5747 ||| FLEEEEING.
  5786 | D:6      | 5786 ||| FLEEEEING.
  5787 | D:6      | 5787 ||| FLEEEEING.
  5788 | D:6      | 5788 ||| FLEEEEING.
  5789 | D:6      | 5789 ||| FLEEEEING.
  5790 | D:6      | 5790 ||| FLEEEEING.
  5791 | D:6      | 5791 ||| FLEEEEING.
  5792 | D:6      | 5792 ||| FLEEEEING.
  5818 | D:6      | 5818 ||| Stepping ~*~*~tactically~*~*~ (outnumbered).
  5819 | D:6      | 5819 ||| Stepping ~*~*~tactically~*~*~ (outnumbered).
  5827 | D:6      | 5827 ||| READING scroll of enchant armour.
  5827 | D:6      | 5827 ||| ENCHANTING +0 pair of gloves.
  6328 | D:7      | Reached skill level 8 in Fighting
  6429 | D:7      | Reached skill level 3 in Armour
  6446 | D:7      | Found a staircase to the Ecumenical Temple.
  6447 | D:7      | 6447 ||| PLANNING TEMPLE
  6449 | D:7      | 6449 ||| RETREATING.
  6454 | D:7      | 6454 ||| READING 6 scrolls of identify.
  6454 | D:7      | 6454 ||| IDENTIFYING metallic blue potion
  6468 | D:7      | 6468 ||| DROPPING potion of ambrosia.
  6486 | Temple   | Entered the Ecumenical Temple
  6487 | Temple   | 6487 ||| PLANNING OKAWARU WORSHIP
  6490 | Temple   | Became a worshipper of Warmaster Okawaru
  6491 | Temple   | 6491 ||| PLANNING D:1-11
  6571 | D:7      | Reached XP level 10. HP: 61/64 MP: 10/10
  6823 | D:7      | Found a basalt altar of Yredelemnul.
  6830 | D:7      | Reached skill level 12 in Ranged Weapons
  6996 | D:7      | 6996 ||| READING scroll labelled ELERUR WEKY.
  6997 | D:7      | 6997 ||| READING 6 scrolls of identify.
  6997 | D:7      | 6997 ||| IDENTIFYING yellow potion
  7099 | D:8      | Reached * piety under Okawaru
  7100 | D:8      | 7100 ||| RETREATING.
  7103 | D:8      | Reached skill level 1 in Invocations
  7109 | D:8      | 7109 ||| FLEEEEING.
  7110 | D:8      | 7110 ||| FLEEEEING.
  7111 | D:8      | 7111 ||| FLEEEEING.
  7112 | D:8      | 7112 ||| FLEEEEING.
  7113 | D:8      | 7113 ||| FLEEEEING.
  7114 | D:8      | 7114 ||| FLEEEEING.
  7116 | D:8      | 7116 ||| FLEEEEING.
  7161 | D:8      | Found a staircase to the Lair.
  7164 | D:8      | 7164 ||| RETREATING.
  7177 | D:8      | Reached skill level 3 in Invocations
  7177 | D:8      | Reached ** piety under Okawaru
  7181 | D:8      | 7181 ||| RETREATING.
  7185 | D:8      | 7185 ||| FLEEEEING.
  7186 | D:8      | 7186 ||| FLEEEEING.
  7187 | D:8      | 7187 ||| FLEEEEING.
  7188 | D:8      | 7188 ||| FLEEEEING.
  7189 | D:8      | 7189 ||| RETREATING.
  7190 | D:8      | 7190 ||| Stepping ~*~*~tactically~*~*~ (retreating).
  7191 | D:8      | 7191 ||| Stepping ~*~*~tactically~*~*~ (retreating).
  7192 | D:8      | 7192 ||| Stepping ~*~*~tactically~*~*~ (retreating).
  7194 | D:8      | 7194 ||| Stepping ~*~*~tactically~*~*~ (retreating).
  7195 | D:8      | 7195 ||| Stepping ~*~*~tactically~*~*~ (retreating).
  7197 | D:8      | 7197 ||| Stepping ~*~*~tactically~*~*~ (retreating).
  7198 | D:8      | 7198 ||| Stepping ~*~*~tactically~*~*~ (retreating).
  7199 | D:8      | 7199 ||| Stepping ~*~*~tactically~*~*~ (retreating).
  7200 | D:8      | 7200 ||| Stepping ~*~*~tactically~*~*~ (retreating).
  7201 | D:8      | 7201 ||| Stepping ~*~*~tactically~*~*~ (retreating).
  7352 | D:8      | Noticed a two-headed ogre
  7353 | D:8      | 7353 ||| INVOKING Heroism.
  7360 | D:8      | Killed a two-headed ogre
  7360 | D:8      | Reached *** piety under Okawaru
  7361 | D:8      | Reached skill level 9 in Fighting
  7361 | D:8      | Reached XP level 11. HP: 71/71 MP: 11/14
  7471 | D:8      | 7471 ||| FLEEEEING.
  7472 | D:8      | 7472 ||| FLEEEEING.
  7479 | D:8      | 7479 ||| FLEEEEING.
  7480 | D:8      | 7480 ||| INVOKING Heroism.
  7592 | D:8      | 7592 ||| RETREATING.
  7594 | D:8      | 7594 ||| Stepping ~*~*~tactically~*~*~ (retreating).
  7595 | D:8      | 7595 ||| Stepping ~*~*~tactically~*~*~ (retreating).
  7596 | D:8      | 7596 ||| Stepping ~*~*~tactically~*~*~ (retreating).
  7598 | D:8      | 7598 ||| INVOKING Heroism.
  7674 | D:8      | Noticed Maggie
  7678 | D:8      | Killed Maggie
  7700 | D:8      | 7700 ||| INVOKING Heroism.
  7900 | D:8      | 7900 ||| PLANNING LAIR
  7900 | D:8      | 7900 ||| UPGRADING to +0 acid dragon scales.
  7910 | D:8      | 7910 ||| READING scroll labelled QIL QESSOSOIC.
  7911 | D:8      | 7911 ||| READING scroll labelled CUTISO GOADDA.
  7936 | Lair:1   | Entered Level 1 of the Lair of Beasts
  7977 | Lair:1   | Noticed an oklob plant
  7978 | Lair:1   | 7978 ||| FLEEEEING.
  8098 | Lair:1   | 8098 ||| INVOKING Heroism.
  8104 | Lair:1   | Killed an oklob plant
  8251 | Lair:1   | Noticed a death yak
  8252 | Lair:1   | 8252 ||| INVOKING Heroism.
  8253 | Lair:1   | Noticed a death yak
  8253 | Lair:1   | Noticed a death yak
  8254 | Lair:1   | 8254 ||| RETREATING.
  8256 | Lair:1   | Noticed a death yak
  8258 | Lair:1   | Noticed a death yak
  8262 | Lair:1   | Noticed a death yak
  8263 | Lair:1   | Killed a death yak
  8263 | Lair:1   | Killed a death yak
  8264 | Lair:1   | Reached skill level 6 in Armour
  8268 | Lair:1   | Killed a death yak
  8269 | Lair:1   | Killed a death yak
  8269 | Lair:1   | Reached **** piety under Okawaru
  8271 | Lair:1   | Killed a death yak
  8272 | Lair:1   | Killed a death yak
  8304 | Lair:1   | 8304 ||| INVOKING Heroism.
  8311 | Lair:1   | Reached skill level 10 in Fighting
  8367 | Lair:1   | Noticed a catoblepas
  8368 | Lair:1   | 8368 ||| INVOKING Heroism.
  8372 | Lair:1   | Killed a catoblepas
  8754 | Lair:1   | 8754 ||| DROPPING +1 robe of willpower.
  8755 | Lair:1   | 8755 ||| UPGRADING to amulet of reflection.
  8760 | Lair:1   | 8760 ||| READING 6 scrolls of identify.
  8760 | Lair:1   | 8760 ||| IDENTIFYING grey potion
  8761 | Lair:1   | 8761 ||| DROPPING potion of berserk rage.
  8776 | Lair:2   | Noticed a catoblepas
  8779 | Lair:2   | 8779 ||| INVOKING Heroism.
  8783 | Lair:2   | Killed a catoblepas
  8784 | Lair:2   | Reached skill level 6 in Invocations
  8784 | Lair:2   | Reached XP level 12. HP: 77/77 MP: 13/16
  8801 | Lair:2   | Noticed Fannar
  8809 | Lair:2   | Killed Fannar
  8809 | Lair:2   | Reached ***** piety under Okawaru
  8878 | Lair:2   | 8878 ||| RETREATING.
  8894 | Lair:2   | 8894 ||| Stepping ~*~*~tactically~*~*~ (retreating).
  8895 | Lair:2   | 8895 ||| Stepping ~*~*~tactically~*~*~ (retreating).
  8896 | Lair:2   | 8896 ||| Stepping ~*~*~tactically~*~*~ (retreating).
  8897 | Lair:2   | 8897 ||| Stepping ~*~*~tactically~*~*~ (retreating).
  8898 | Lair:2   | 8898 ||| Stepping ~*~*~tactically~*~*~ (retreating).
  8900 | Lair:2   | 8900 ||| Stepping ~*~*~tactically~*~*~ (retreating).
  8902 | Lair:2   | 8902 ||| Stepping ~*~*~tactically~*~*~ (retreating).
  8903 | Lair:2   | 8903 ||| Stepping ~*~*~tactically~*~*~ (retreating).
  8912 | Lair:2   | 8912 ||| INVOKING Heroism.
  8914 | Lair:2   | Reached skill level 15 in Ranged Weapons
  8914 | Lair:2   | Identified the +7 quarterstaff of Cuathenips {flame, *Noise
                  | Will+ Str+3 Int+8} (Okawaru gifted it to you on level 2 of
                  | the Lair of Beasts)
  8914 | Lair:2   | Received a gift from Okawaru
  9148 | Lair:2   | Noticed Sonja
  9149 | Lair:2   | 9149 ||| INVOKING Finesse.
  9156 | Lair:2   | Killed Sonja
  9460 | Lair:2   | Noticed a skyshark
  9467 | Lair:2   | Killed a skyshark
  9510 | Lair:2   | Reached skill level 9 in Invocations
  9725 | Lair:2   | 9725 ||| UPGRADING to +2 robe of cold resistance.
  9794 | Lair:3   | 9794 ||| READING scroll of enchant armour.
  9794 | Lair:3   | 9794 ||| ENCHANTING +1 pair of gloves.
  9849 | Lair:3   | Noticed Josephine
  9850 | Lair:3   | 9850 ||| RETREATING.
  9855 | Lair:3   | 9855 ||| FLEEEEING.
  9856 | Lair:3   | 9856 ||| FLEEEEING.
  9857 | Lair:3   | 9857 ||| FLEEEEING.
  9858 | Lair:3   | 9858 ||| FLEEEEING.
  9859 | Lair:3   | 9859 ||| FLEEEEING.
  9860 | Lair:3   | 9860 ||| FLEEEEING.
  9895 | Lair:3   | 9895 ||| INVOKING Heroism.
  9899 | Lair:3   | 9899 ||| Stepping ~*~*~tactically~*~*~ (retreating).
  9975 | Lair:3   | Found a staircase to the Snake Pit.
  9977 | Lair:3   | 9977 ||| RETREATING.
  9984 | Lair:3   | Noticed a four-headed hydra
  9985 | Lair:3   | 9985 ||| INVOKING Heroism.
  9988 | Lair:3   | Killed a four-headed hydra
  9989 | Lair:3   | Reached XP level 13. HP: 63/82 MP: 17/20
 10080 | Lair:3   | 10080 ||| INVOKING Heroism.
 10081 | Lair:3   | 10081 ||| INVOKING Finesse.
 10177 | Lair:3   | 10177 ||| INVOKING Heroism.
 10180 | Lair:3   | 10180 ||| RETREATING.
 10183 | Lair:3   | 10183 ||| Stepping ~*~*~tactically~*~*~ (retreating).
 10416 | Lair:3   | Reached skill level 11 in Fighting
 10426 | Lair:3   | Received a gift from Okawaru
 10546 | Lair:3   | 10546 ||| RETREATING.
 10549 | Lair:3   | 10549 ||| Stepping ~*~*~tactically~*~*~ (retreating).
 10552 | Lair:3   | 10552 ||| Stepping ~*~*~tactically~*~*~ (retreating).
 10631 | Lair:3   | Killed Josephine
 10712 | Lair:3   | Found a staircase to the Swamp.
 10713 | Lair:3   | 10713 ||| INVOKING Heroism.
 11208 | Lair:4   | 11208 ||| INVOKING Heroism.
 11413 | Lair:4   | Found the +3 robe of Clouds {*Thunder rCloud rElec}
 11656 | Lair:5   | Entered Level 5 of the Lair of Beasts
 11656 | Lair:5   | Found a staircase to the Slime Pits.
 11656 | Lair:5   | Found a viscous altar of Jiyva.
 11657 | Lair:5   | 11657 ||| INVOKING Heroism.
 11672 | Lair:5   | Reached skill level 6 in Dodging
 11680 | Lair:5   | 11680 ||| STAIRDANCE
 11685 | Lair:4   | 11685 ||| DROPPING +2 leather armour of poison resistance.
 11769 | Lair:5   | 11769 ||| INVOKING Heroism.
 11774 | Lair:5   | 11774 ||| RETREATING.
 11788 | Lair:5   | 11788 ||| INVOKING Finesse.
 11794 | Lair:5   | Identified the +0 plate armour of Daffodils {rF+ Stlth+}
                  | (Okawaru gifted it to you on level 5 of the Lair of Beasts)
 11794 | Lair:5   | Received a gift from Okawaru
 11881 | Lair:5   | 11881 ||| FLEEEEING.
 11883 | Lair:5   | 11883 ||| INVOKING Heroism.
 11912 | Lair:5   | 11912 ||| RETREATING.
 11914 | Lair:5   | 11914 ||| INVOKING Heroism.
 11922 | Lair:5   | 11922 ||| INVOKING Finesse.
 11936 | Lair:5   | Gained mutation: Your large and strong wings let you fly.
                  | [Gargoyle growth]
 11936 | Lair:5   | Reached XP level 14. HP: 80/90 MP: 15/21
 11950 | Lair:5   | Reached skill level 18 in Ranged Weapons
 11973 | Lair:5   | 11973 ||| Stepping ~*~*~tactically~*~*~ (cloud).
 12057 | Lair:5   | 12057 ||| FLEEEEING.
 12058 | Lair:5   | 12058 ||| FLEEEEING.
 12059 | Lair:5   | 12059 ||| FLEEEEING.
 12060 | Lair:5   | 12060 ||| FLEEEEING.
 12061 | Lair:5   | 12061 ||| FLEEEEING.
 12062 | Lair:5   | 12062 ||| FLEEEEING.
 12063 | Lair:5   | 12063 ||| FLEEEEING.
 12064 | Lair:5   | 12064 ||| FLEEEEING.
 12065 | Lair:5   | 12065 ||| FLEEEEING.
 12066 | Lair:5   | 12066 ||| FLEEEEING.
 12067 | Lair:5   | 12067 ||| FLEEEEING.
 12068 | Lair:5   | 12068 ||| FLEEEEING.
 12069 | Lair:5   | 12069 ||| FLEEEEING.
 12070 | Lair:5   | 12070 ||| STAIRDANCE
 12074 | Lair:5   | 12074 ||| INVOKING Heroism.
 12126 | Lair:5   | Reached skill level 12 in Fighting
 12126 | Lair:5   | 12126 ||| Stepping ~*~*~tactically~*~*~ (outnumbered).
 12128 | Lair:5   | 12128 ||| Stepping ~*~*~tactically~*~*~ (outnumbered).
 12130 | Lair:5   | 12130 ||| Stepping ~*~*~tactically~*~*~ (outnumbered).
 12133 | Lair:5   | 12133 ||| Stepping ~*~*~tactically~*~*~ (cloud).
 12183 | Lair:5   | 12183 ||| RETREATING.
 12215 | Lair:5   | Identified the +10 trident of Infinite Pain {drain, Str+3}
 12220 | Lair:5   | 12220 ||| INVOKING Heroism.
 12456 | Lair:5   | 12456 ||| PLANNING D:1-11
 12456 | Lair:5   | 12456 ||| READING 11 scrolls of identify.
 12456 | Lair:5   | 12456 ||| IDENTIFYING smoky puce potion
 12457 | Lair:5   | 12457 ||| READING 10 scrolls of identify.
 12457 | Lair:5   | 12457 ||| IDENTIFYING amethyst potion
 12458 | Lair:5   | 12458 ||| READING 9 scrolls of identify.
 12458 | Lair:5   | 12458 ||| IDENTIFYING inky potion
 12459 | Lair:5   | 12459 ||| DROPPING potion of brilliance.
 12460 | Lair:5   | 12460 ||| DROPPING potion of invisibility.
 12600 | D:9      | 12600 ||| Stepping ~*~*~tactically~*~*~ (outnumbered).
 12601 | D:9      | 12601 ||| Stepping ~*~*~tactically~*~*~ (outnumbered).
 12602 | D:9      | 12602 ||| Stepping ~*~*~tactically~*~*~ (outnumbered).
 12606 | D:9      | 12606 ||| Stepping ~*~*~tactically~*~*~ (outnumbered).
 12607 | D:9      | 12607 ||| Stepping ~*~*~tactically~*~*~ (outnumbered).
 12608 | D:9      | 12608 ||| Stepping ~*~*~tactically~*~*~ (outnumbered).
 12608 | D:9      | Noticed Joseph
 12609 | D:9      | 12609 ||| Stepping ~*~*~tactically~*~*~ (outnumbered).
 12610 | D:9      | 12610 ||| Stepping ~*~*~tactically~*~*~ (outnumbered).
 12611 | D:9      | 12611 ||| Stepping ~*~*~tactically~*~*~ (outnumbered).
 12740 | D:9      | Killed Joseph
 12767 | D:9      | Received a gift from Okawaru
 12803 | D:9      | Found a staircase to the Orcish Mines.
 12807 | D:9      | 12807 ||| Stepping ~*~*~tactically~*~*~ (outnumbered).
 12899 | D:9      | Found a sparkling altar of Nemelex Xobeh.
 12899 | D:9      | Found a transporter.
 13006 | D:9      | 13006 ||| DROPPING +1 pair of boots.
 13007 | D:9      | 13007 ||| DROPPING +0 acid dragon scales.
 13008 | D:9      | 13008 ||| DROPPING +0 steam dragon scales.
 13009 | D:9      | 13009 ||| UPGRADING to +0 troll leather armour.
 13019 | D:9      | 13019 ||| DROPPING +2 robe of cold resistance.
 13020 | D:9      | 13020 ||| READING 9 scrolls of identify.
 13020 | D:9      | 13020 ||| IDENTIFYING murky sapphire potion
 13021 | D:9      | 13021 ||| READING 8 scrolls of identify.
 13021 | D:9      | 13021 ||| IDENTIFYING emerald potion
 13022 | D:9      | 13022 ||| DROPPING potion of degeneration.
 13023 | D:9      | 13023 ||| DROPPING potion of lignification.
 13031 | D:10     | Entered Level 10 of the Dungeon
 13038 | D:10     | Found a white marble altar of Elyvilon.
 13117 | D:10     | 13117 ||| Stepping ~*~*~tactically~*~*~ (outnumbered).
 13121 | D:10     | 13121 ||| Stepping ~*~*~tactically~*~*~ (outnumbered).
 13304 | D:10     | Noticed Gastronok
 13313 | D:10     | Killed Gastronok
 13379 | D:10     | 13379 ||| RETREATING.
 13390 | D:10     | 13390 ||| Stepping ~*~*~tactically~*~*~ (outnumbered).
 13392 | D:10     | 13392 ||| Stepping ~*~*~tactically~*~*~ (outnumbered).
 13511 | D:10     | 13511 ||| UPGRADING to +0 cloak.
 13516 | D:10     | 13516 ||| UPGRADING to +2 hat of see invisible.
 13526 | D:10     | 13526 ||| READING 2 scrolls of enchant armour.
 13526 | D:10     | 13526 ||| ENCHANTING +0 cloak.
 13527 | D:10     | 13527 ||| READING scroll of enchant armour.
 13527 | D:10     | 13527 ||| ENCHANTING +1 cloak.
 13528 | D:10     | 13528 ||| READING scroll labelled WIDUICL GUHUN.
 13573 | D:11     | Noticed Urug
 13574 | D:11     | 13574 ||| RETREATING.
 13580 | D:11     | 13580 ||| RETREATING.
 13582 | D:11     | 13582 ||| INVOKING Heroism.
 13583 | D:11     | 13583 ||| INVOKING Finesse.
 13588 | D:11     | Killed Urug
 13594 | D:11     | Noticed Snorg
 13601 | D:11     | Noticed Grum
 13603 | D:11     | Killed Grum
 13632 | D:11     | 13632 ||| INVOKING Heroism.
 13637 | D:11     | Reached skill level 13 in Fighting
 13648 | D:11     | Killed Snorg
 13652 | D:11     | Noticed Erolcha
 13658 | D:11     | Killed Erolcha
 13690 | D:11     | Noticed Psyche
 13695 | D:11     | Killed Psyche
 13767 | D:11     | 13767 ||| INVOKING Heroism.
 13817 | D:11     | 13817 ||| INVOKING Heroism.
 13825 | D:11     | Reached XP level 15. HP: 98/98 MP: 20/22
 13888 | D:11     | 13888 ||| INVOKING Heroism.
 13946 | D:11     | Noticed a frost giant
 13947 | D:11     | 13947 ||| Stepping ~*~*~tactically~*~*~ (outnumbered).
 13948 | D:11     | 13948 ||| INVOKING Heroism.
 13954 | D:11     | 13954 ||| Stepping ~*~*~tactically~*~*~ (cloud).
 13955 | D:11     | 13955 ||| Stepping ~*~*~tactically~*~*~ (cloud).
 13958 | D:11     | Killed a frost giant
 14160 | D:11     | 14160 ||| PLANNING D
 14160 | D:11     | 14160 ||| DROPPING +1 ring mail of poison resistance.
 14161 | D:11     | 14161 ||| UPGRADING to amulet of faith.
 14171 | D:11     | 14171 ||| DROPPING ring of wizardry.
 14223 | D:12     | Found a transporter.
 14231 | D:12     | Found a transporter.
 14237 | D:12     | Found a bloodstained altar of Trog.
 14263 | D:12     | Noticed qw's ghost (journeyman GrHu)
 14482 | D:12     | 14482 ||| DROPPING +1 helmet.
 14545 | D:12     | 14545 ||| INVOKING Heroism.
 14548 | D:12     | 14548 ||| Stepping ~*~*~tactically~*~*~ (outnumbered).
 14598 | D:12     | Noticed Jorgrun
 14599 | D:12     | 14599 ||| INVOKING Heroism.
 14604 | D:12     | Killed Jorgrun
 14735 | D:12     | 14735 ||| UPGRADING to +2 ring mail of fire resistance.
 14745 | D:12     | 14745 ||| READING scroll labelled ZEQALY HOTOU.
 14784 | D:13     | Noticed Lodul
 14788 | D:13     | Killed Lodul
 14982 | D:13     | 14982 ||| RETREATING.
 15344 | D:13     | Received a gift from Okawaru
 15358 | D:13     | Found a gate to the Vaults.
 15653 | D:13     | Noticed a frost giant
 15654 | D:13     | 15654 ||| INVOKING Heroism.
 15655 | D:13     | 15655 ||| INVOKING Finesse.
 15660 | D:13     | Killed a frost giant
 15710 | D:13     | Found the +5 glaive of the Guard {elec, spectral, AC+5}
 15713 | D:13     | Noticed a fire giant
 15715 | D:13     | Noticed a fire giant
 15726 | D:13     | Killed a fire giant
 15732 | D:13     | Killed a fire giant
 15776 | D:13     | Identified the +6 chain mail of Okawaru's Esteem {rElec
                  | rCorr Str-4 Slay+2} (Okawaru gifted it to you on level 13
                  | of the Dungeon)
 15776 | D:13     | Received a gift from Okawaru
 16079 | D:14     | Reached skill level 14 in Fighting
 16550 | D:14     | 16550 ||| RETREATING.
 16803 | D:14     | 16803 ||| INVOKING Heroism.
 16806 | D:14     | 16806 ||| INVOKING Finesse.
 16864 | D:14     | 16864 ||| READING scroll of acquirement.
 16864 | D:14     | 16864 ||| ACQUIRING +3 pair of gauntlets of War {Slay+5}
 16864 | D:14     | Acquired the +3 pair of gauntlets of War {Slay+5}
 16864 | D:14     | Found the +3 pair of gauntlets of War {Slay+5}
 16866 | D:14     | 16866 ||| UPGRADING to +3 pair of gauntlets of War
                  | {Slay+5}.
 16876 | D:14     | 16876 ||| DROPPING +2 pair of gloves.
 16956 | D:14     | 16956 ||| FLEEEEING.
 17011 | D:14     | Identified the +10 dagger of Obiojaoz {venom, rPois rC-
                  | Dex+8 Stlth+}
 17212 | D:15     | Entered Level 15 of the Dungeon
 17262 | D:15     | 17262 ||| RETREATING.
 17291 | D:15     | Reached skill level 9 in Armour
 17466 | D:15     | Identified the +14 chain mail of the Lair of Beasts {Int+2}
 17591 | D:15     | Reached XP level 16. HP: 95/107 MP: 23/23
 17664 | D:15     | 17664 ||| Stepping ~*~*~tactically~*~*~ (retreating).
 17665 | D:15     | 17665 ||| Stepping ~*~*~tactically~*~*~ (retreating).
 17666 | D:15     | 17666 ||| Stepping ~*~*~tactically~*~*~ (retreating).
 17667 | D:15     | 17667 ||| Stepping ~*~*~tactically~*~*~ (retreating).
 17668 | D:15     | 17668 ||| Stepping ~*~*~tactically~*~*~ (retreating).
 17763 | D:15     | Noticed Kirke
 17764 | D:15     | 17764 ||| INVOKING Heroism.
 17764 | D:15     | Noticed Louise
 17765 | D:15     | 17765 ||| INVOKING Finesse.
 17773 | D:15     | Killed Kirke
 17774 | D:15     | Reached skill level 15 in Fighting
 17775 | D:15     | Killed Louise
 18152 | D:15     | Identified the staff of the End {rElec rN+ Air}
 18265 | D:15     | 18265 ||| INVOKING Heroism.
 18266 | D:15     | 18266 ||| READING 7 scrolls of teleportation.
 18352 | D:15     | 18352 ||| FLEEEEING.
 18353 | D:15     | 18353 ||| FLEEEEING.
 18354 | D:15     | 18354 ||| FLEEEEING.
 18355 | D:15     | 18355 ||| FLEEEEING.
 18356 | D:15     | 18356 ||| FLEEEEING.
 18357 | D:15     | 18357 ||| FLEEEEING.
 18358 | D:15     | 18358 ||| FLEEEEING.
 18359 | D:15     | 18359 ||| FLEEEEING.
 18368 | D:15     | 18368 ||| FLEEEEING.
 18431 | D:15     | 18431 ||| Stepping ~*~*~tactically~*~*~ (outnumbered).
 18441 | D:15     | 18441 ||| INVOKING Heroism.
 18442 | D:15     | 18442 ||| INVOKING Finesse.
 18448 | D:15     | Reached skill level 9 in Dodging
 18484 | D:15     | Found a staircase to the Depths.
 18490 | D:15     | 18490 ||| PLANNING ORC
 18718 | Orc:1    | Entered Level 1 of the Orcish Mines
 18719 | Orc:1    | 18719 ||| STAIRDANCE
 18725 | Orc:1    | 18725 ||| STAIRDANCE
 18727 | D:9      | 18727 ||| INVOKING Heroism.
 18825 | Orc:1    | 18825 ||| STAIRDANCE
 18896 | Orc:1    | 18896 ||| INVOKING Heroism.
 18988 | Orc:1    | Found Rong's Jewellery Shop.
 18990 | Orc:1    | 18990 ||| RETREATING.
 18997 | Orc:1    | 18997 ||| INVOKING Heroism.
 19001 | Orc:1    | 19001 ||| Stepping ~*~*~tactically~*~*~ (retreating).
 19010 | Orc:1    | 19010 ||| Stepping ~*~*~tactically~*~*~ (retreating).
 19011 | Orc:1    | 19011 ||| Stepping ~*~*~tactically~*~*~ (retreating).
 19116 | Orc:1    | 19116 ||| BUYING +4 ring of protection (648 gold).
 19116 | Orc:1    | Bought a +4 ring of protection for 648 gold pieces
 19312 | Orc:1    | 19312 ||| UPGRADING to +4 ring of protection.
 19314 | Orc:1    | 19314 ||| DROPPING ring of ice.
 19315 | Orc:1    | 19315 ||| DROPPING +6 ring of strength.
 19334 | Orc:2    | Entered Level 2 of the Orcish Mines
 19410 | Orc:1    | Found a transporter.
 19410 | Orc:1    | Found a transporter.
 19414 | Orc:1    | 19414 ||| INVOKING Heroism.
 19536 | Orc:2    | 19536 ||| Stepping ~*~*~tactically~*~*~ (outnumbered).
 19545 | Orc:2    | 19545 ||| Stepping ~*~*~tactically~*~*~ (outnumbered).
 19546 | Orc:2    | 19546 ||| INVOKING Heroism.
 19552 | Orc:2    | 19552 ||| Stepping ~*~*~tactically~*~*~ (outnumbered).
 19553 | Orc:2    | 19553 ||| Stepping ~*~*~tactically~*~*~ (outnumbered).
 19554 | Orc:2    | 19554 ||| Stepping ~*~*~tactically~*~*~ (outnumbered).
 19555 | Orc:2    | 19555 ||| Stepping ~*~*~tactically~*~*~ (outnumbered).
 19556 | Orc:2    | 19556 ||| Stepping ~*~*~tactically~*~*~ (outnumbered).
 19557 | Orc:2    | 19557 ||| Stepping ~*~*~tactically~*~*~ (outnumbered).
 19558 | Orc:2    | 19558 ||| Stepping ~*~*~tactically~*~*~ (outnumbered).
 19559 | Orc:2    | 19559 ||| Stepping ~*~*~tactically~*~*~ (outnumbered).
 19560 | Orc:2    | 19560 ||| Stepping ~*~*~tactically~*~*~ (outnumbered).
 19561 | Orc:2    | 19561 ||| Stepping ~*~*~tactically~*~*~ (outnumbered).
 19881 | Orc:2    | Found Liuzetwu's General Store.
 19889 | Orc:2    | 19889 ||| BUYING +3 ring mail "Jiven" {Will++ Stlth-} (656
                  | gold).
 19889 | Orc:2    | Bought the +3 ring mail "Jiven" {Will++ Stlth-} for 656
                  | gold pieces
 19889 | Orc:2    | 19889 ||| BUYING potion of cancellation (136 gold).
 19889 | Orc:2    | Bought a potion of cancellation for 136 gold pieces
 19889 | Orc:2    | 19889 ||| BUYING scroll of teleportation (51 gold).
 19889 | Orc:2    | Bought a scroll of teleportation for 51 gold pieces
 20001 | Orc:2    | 20001 ||| Stepping ~*~*~tactically~*~*~ (outnumbered).
 20011 | Orc:2    | Found Otel's Assorted Antiques.
 20016 | Orc:2    | 20016 ||| BUYING lumpy diamond amulet (190 gold).
 20016 | Orc:2    | Bought a lumpy diamond amulet for 190 gold pieces
 20016 | Orc:2    | 20016 ||| BUYING scroll of enchant weapon (285 gold).
 20016 | Orc:2    | Bought a scroll of enchant weapon for 285 gold pieces
 20016 | Orc:2    | 20016 ||| BUYING scroll of enchant weapon (285 gold).
 20016 | Orc:2    | Bought a scroll of enchant weapon for 285 gold pieces
 20062 | Orc:2    | 20062 ||| INVOKING Heroism.
 20063 | Orc:2    | 20063 ||| INVOKING Finesse.
 20064 | Orc:2    | 20064 ||| RETREATING.
 20074 | Orc:2    | Reached skill level 16 in Fighting
 20147 | Orc:2    | Found Emaymeso's Antique Armour Shoppe.
 20149 | Orc:2    | Found Akucwud's Antique Weapon Emporium.
 20157 | Orc:2    | 20157 ||| BUYING embroidered cloak (225 gold).
 20157 | Orc:2    | Bought an embroidered cloak for 225 gold pieces
 20330 | Orc:2    | Found a staircase to the Elven Halls.
 20403 | Orc:2    | 20403 ||| Stepping ~*~*~tactically~*~*~ (outnumbered).
 20405 | Orc:2    | 20405 ||| Stepping ~*~*~tactically~*~*~ (outnumbered).
 20439 | Orc:2    | 20439 ||| PLANNING SNAKE:1-3
 20439 | Orc:2    | 20439 ||| UPGRADING to +3 ring mail "Jiven" {Will++
                  | Stlth-}.
 20449 | Orc:2    | 20449 ||| DROPPING +2 cloak.
 20450 | Orc:2    | 20450 ||| DROPPING amulet of guardian spirit.
 20561 | Snake:1  | Entered Level 1 of the Snake Pit
 20626 | Snake:1  | 20626 ||| RETREATING.
 20657 | Snake:1  | 20657 ||| Stepping ~*~*~tactically~*~*~ (outnumbered).
 20660 | Snake:1  | 20660 ||| Stepping ~*~*~tactically~*~*~ (outnumbered).
 20662 | Snake:1  | 20662 ||| Stepping ~*~*~tactically~*~*~ (outnumbered).
 20664 | Snake:1  | 20664 ||| Stepping ~*~*~tactically~*~*~ (outnumbered).
 20687 | Snake:1  | Received a gift from Okawaru
 20701 | Snake:1  | 20701 ||| Stepping ~*~*~tactically~*~*~ (outnumbered).
 20756 | Snake:1  | 20756 ||| INVOKING Heroism.
 20758 | Snake:1  | 20758 ||| Stepping ~*~*~tactically~*~*~ (retreating).
 20759 | Snake:1  | 20759 ||| Stepping ~*~*~tactically~*~*~ (retreating).
 20760 | Snake:1  | 20760 ||| Stepping ~*~*~tactically~*~*~ (retreating).
 20975 | Snake:1  | 20975 ||| RETREATING.
 20976 | Snake:1  | 20976 ||| Stepping ~*~*~tactically~*~*~ (retreating).
 20982 | Snake:1  | 20982 ||| Stepping ~*~*~tactically~*~*~ (retreating).
 21044 | Snake:1  | 21044 ||| INVOKING Heroism.
 21498 | Snake:1  | Reached skill level 17 in Fighting
 21994 | Snake:2  | Noticed Asterion
 21995 | Snake:2  | 21995 ||| INVOKING Heroism.
 21997 | Snake:2  | 21997 ||| INVOKING Finesse.
 21998 | Snake:2  | Noticed an Executioner
 22000 | Snake:2  | 22000 ||| RETREATING.
 22009 | Snake:2  | Noticed an Executioner
 22019 | Snake:2  | Killed Asterion
 22065 | Snake:2  | 22065 ||| INVOKING Heroism.
 22101 | Snake:2  | Found Dut Nakho's Weapon Shop.
 22136 | Snake:2  | Reached XP level 17. HP: 118/118 MP: 24/24
 22415 | Snake:2  | Received a gift from Okawaru
 22526 | Snake:2  | 22526 ||| DROPPING +1 robe of willpower.
 22527 | Snake:2  | 22527 ||| DROPPING amulet of regeneration.
 22620 | Snake:3  | 22620 ||| Stepping ~*~*~tactically~*~*~ (retreating).
 22621 | Snake:3  | 22621 ||| Stepping ~*~*~tactically~*~*~ (retreating).
 22623 | Snake:3  | 22623 ||| Stepping ~*~*~tactically~*~*~ (retreating).
 22634 | Snake:3  | Reached skill level 18 in Fighting
 22744 | Snake:3  | 22744 ||| INVOKING Heroism.
 22951 | Snake:3  | 22951 ||| INVOKING Heroism.
 22952 | Snake:3  | 22952 ||| Stepping ~*~*~tactically~*~*~ (retreating).
 23094 | Snake:3  | 23094 ||| RETREATING.
 23095 | Snake:3  | 23095 ||| Stepping ~*~*~tactically~*~*~ (outnumbered).
 23099 | Snake:3  | 23099 ||| Stepping ~*~*~tactically~*~*~ (retreating).
 23313 | Snake:3  | 23313 ||| Stepping ~*~*~tactically~*~*~ (outnumbered).
 23314 | Snake:3  | 23314 ||| RETREATING.
 23485 | Snake:3  | 23485 ||| PLANNING SWAMP:1-3
 23579 | Swamp:1  | Entered Level 1 of the Swamp
 23649 | Swamp:1  | 23649 ||| INVOKING Heroism.
 23685 | Swamp:1  | You are sucked into a shaft and drop 1 floor!
 23699 | Swamp:2  | Received a gift from Okawaru
 23910 | Swamp:1  | 23910 ||| INVOKING Heroism.
 23937 | Swamp:1  | 23937 ||| INVOKING Finesse.
 24033 | Swamp:1  | 24033 ||| INVOKING Heroism.
 24120 | Swamp:1  | 24120 ||| INVOKING Heroism.
 24290 | Swamp:2  | 24290 ||| INVOKING Heroism.
 24341 | Swamp:2  | Noticed Donald
 24342 | Swamp:2  | 24342 ||| INVOKING Finesse.
 24352 | Swamp:2  | Killed Donald
 24591 | Swamp:3  | 24591 ||| FLEEEEING.
 24594 | Swamp:3  | Received a gift from Okawaru
 24595 | Swamp:3  | Reached skill level 19 in Fighting
 24667 | Swamp:3  | Noticed a tentacled monstrosity
 24668 | Swamp:3  | 24668 ||| INVOKING Heroism.
 24669 | Swamp:3  | 24669 ||| INVOKING Finesse.
 24677 | Swamp:3  | Killed a tentacled monstrosity
 24771 | Swamp:3  | 24771 ||| Stepping ~*~*~tactically~*~*~ (outnumbered).
 24772 | Swamp:3  | 24772 ||| INVOKING Heroism.
 25060 | Swamp:3  | Reached skill level 12 in Armour
 25062 | Swamp:3  | 25062 ||| INVOKING Heroism.
 25204 | Swamp:3  | 25204 ||| PLANNING SNAKE:4
 25204 | Swamp:3  | 25204 ||| DROPPING +0 pair of boots of flying.
 25320 | Snake:4  | Entered Level 4 of the Snake Pit
 25411 | Snake:4  | Found Siruicet's Vocational Training.
 25439 | Snake:4  | 25439 ||| RETREATING.
 25444 | Snake:4  | 25444 ||| Stepping ~*~*~tactically~*~*~ (outnumbered).
 25446 | Snake:4  | 25446 ||| Stepping ~*~*~tactically~*~*~ (outnumbered).
 25448 | Snake:4  | 25448 ||| Stepping ~*~*~tactically~*~*~ (outnumbered).
 25458 | Snake:4  | 25458 ||| Stepping ~*~*~tactically~*~*~ (outnumbered).
 25461 | Snake:4  | 25461 ||| Stepping ~*~*~tactically~*~*~ (outnumbered).
 25464 | Snake:4  | 25464 ||| Stepping ~*~*~tactically~*~*~ (outnumbered).
 25465 | Snake:4  | 25465 ||| RETREATING.
 25470 | Snake:4  | 25470 ||| Stepping ~*~*~tactically~*~*~ (retreating).
 25470 | Snake:4  | Noticed Mara
 25471 | Snake:4  | 25471 ||| Stepping ~*~*~tactically~*~*~ (retreating).
 25472 | Snake:4  | 25472 ||| Stepping ~*~*~tactically~*~*~ (retreating).
 25473 | Snake:4  | 25473 ||| Stepping ~*~*~tactically~*~*~ (retreating).
 25474 | Snake:4  | 25474 ||| Stepping ~*~*~tactically~*~*~ (retreating).
 25475 | Snake:4  | 25475 ||| INVOKING Heroism.
 25476 | Snake:4  | 25476 ||| INVOKING Finesse.
 25477 | Snake:4  | 25477 ||| INVOKING Finesse.
 25484 | Snake:4  | 25484 ||| Stepping ~*~*~tactically~*~*~ (retreating).
 25485 | Snake:4  | 25485 ||| Stepping ~*~*~tactically~*~*~ (retreating).
 25486 | Snake:4  | 25486 ||| Stepping ~*~*~tactically~*~*~ (retreating).
 25492 | Snake:4  | Reached XP level 18. HP: 70/128 MP: 19/25
 25498 | Snake:4  | Killed Mara
 25674 | Snake:4  | 25674 ||| Stepping ~*~*~tactically~*~*~ (outnumbered).
 25676 | Snake:4  | 25676 ||| Stepping ~*~*~tactically~*~*~ (outnumbered).
 25679 | Snake:4  | 25679 ||| Stepping ~*~*~tactically~*~*~ (outnumbered).
 25681 | Snake:4  | 25681 ||| Stepping ~*~*~tactically~*~*~ (outnumbered).
 25712 | Snake:4  | 25712 ||| Stepping ~*~*~tactically~*~*~ (outnumbered).
 25714 | Snake:4  | 25714 ||| Stepping ~*~*~tactically~*~*~ (outnumbered).
 25717 | Snake:4  | 25717 ||| Stepping ~*~*~tactically~*~*~ (retreating).
 25721 | Snake:4  | 25721 ||| Stepping ~*~*~tactically~*~*~ (outnumbered).
 25730 | Snake:4  | Reached skill level 20 in Fighting
 25937 | Snake:4  | 25937 ||| Stepping ~*~*~tactically~*~*~ (outnumbered).
 25956 | Snake:4  | 25956 ||| Stepping ~*~*~tactically~*~*~ (outnumbered).
 25964 | Snake:4  | 25964 ||| Stepping ~*~*~tactically~*~*~ (outnumbered).
 25966 | Snake:4  | 25966 ||| Stepping ~*~*~tactically~*~*~ (outnumbered).
 25993 | Snake:4  | 25993 ||| Stepping ~*~*~tactically~*~*~ (outnumbered).
 25998 | Snake:4  | 25998 ||| Stepping ~*~*~tactically~*~*~ (outnumbered).
 26002 | Snake:4  | 26002 ||| Stepping ~*~*~tactically~*~*~ (outnumbered).
 26029 | Snake:4  | 26029 ||| INVOKING Heroism.
 26032 | Snake:4  | Received a gift from Okawaru
 26059 | Snake:4  | 26059 ||| Stepping ~*~*~tactically~*~*~ (outnumbered).
 26064 | Snake:4  | 26064 ||| Stepping ~*~*~tactically~*~*~ (retreating).
 26167 | Snake:4  | 26167 ||| Stepping ~*~*~tactically~*~*~ (outnumbered).
 26169 | Snake:4  | Identified the +3 buckler of Hairiness {Dex+2} (Okawaru
                  | gifted it to you on level 4 of the Snake Pit)
 26169 | Snake:4  | Received a gift from Okawaru
 26452 | Snake:4  | 26452 ||| RETREATING.
 26457 | Snake:4  | 26457 ||| Stepping ~*~*~tactically~*~*~ (retreating).
 26481 | Snake:4  | 26481 ||| Stepping ~*~*~tactically~*~*~ (retreating).
 26482 | Snake:4  | 26482 ||| Stepping ~*~*~tactically~*~*~ (retreating).
 26486 | Snake:4  | 26486 ||| Stepping ~*~*~tactically~*~*~ (outnumbered).
 26515 | Snake:4  | 26515 ||| Stepping ~*~*~tactically~*~*~ (outnumbered).
 26517 | Snake:4  | 26517 ||| Stepping ~*~*~tactically~*~*~ (outnumbered).
 26518 | Snake:4  | Noticed Vashnia
 26519 | Snake:4  | 26519 ||| RETREATING.
 26526 | Snake:4  | 26526 ||| Stepping ~*~*~tactically~*~*~ (outnumbered).
 26528 | Snake:4  | 26528 ||| Stepping ~*~*~tactically~*~*~ (outnumbered).
 26529 | Snake:4  | 26529 ||| INVOKING Heroism.
 26563 | Snake:4  | Killed Vashnia
 26601 | Snake:4  | 26601 ||| Stepping ~*~*~tactically~*~*~ (outnumbered).
 26603 | Snake:4  | 26603 ||| Stepping ~*~*~tactically~*~*~ (outnumbered).
 26605 | Snake:4  | 26605 ||| RETREATING.
 26616 | Snake:4  | 26616 ||| INVOKING Heroism.
 26620 | Snake:4  | 26620 ||| Stepping ~*~*~tactically~*~*~ (retreating).
 26621 | Snake:4  | 26621 ||| Stepping ~*~*~tactically~*~*~ (retreating).
 26623 | Snake:4  | 26623 ||| Stepping ~*~*~tactically~*~*~ (retreating).
 26626 | Snake:4  | 26626 ||| Stepping ~*~*~tactically~*~*~ (outnumbered).
 26657 | Snake:4  | 26657 ||| Stepping ~*~*~tactically~*~*~ (retreating).
 26671 | Snake:4  | 26671 ||| FLEEEEING.
 26677 | Snake:4  | 26677 ||| FLEEEEING.
 26679 | Snake:4  | 26679 ||| FLEEEEING.
 26694 | Snake:4  | 26694 ||| FLEEEEING.
 26695 | Snake:4  | 26695 ||| FLEEEEING.
 26772 | Snake:4  | 26772 ||| INVOKING Heroism.
 26773 | Snake:4  | 26773 ||| Stepping ~*~*~tactically~*~*~ (outnumbered).
 26781 | Snake:4  | Reached skill level 21 in Fighting
 26830 | Snake:4  | 26830 ||| FLEEEEING.
 26831 | Snake:4  | 26831 ||| FLEEEEING.
 26832 | Snake:4  | 26832 ||| FLEEEEING.
 26924 | Snake:4  | 26924 ||| Stepping ~*~*~tactically~*~*~ (outnumbered).
 26926 | Snake:4  | 26926 ||| Stepping ~*~*~tactically~*~*~ (outnumbered).
 27007 | Snake:4  | Got a serpentine rune of Zot
 27201 | Snake:4  | 27201 ||| PLANNING VAULTS:1-4
 27492 | Vaults:1 | Entered Level 1 of the Vaults
 27496 | Vaults:1 | 27496 ||| PLANNING D:1-11
 27854 | D:2      | 27854 ||| PLANNING LAIR
 28052 | Lair:5   | 28052 ||| PLANNING D:1-11
 28451 | D:11     | 28451 ||| PLANNING D
 28549 | D:15     | 28549 ||| PLANNING ORC
 28692 | Orc:2    | 28692 ||| PLANNING SNAKE:1-3
 28804 | Snake:3  | 28804 ||| PLANNING SWAMP:1-3
 28884 | Swamp:3  | 28884 ||| PLANNING SNAKE:4
 28981 | Snake:4  | 28981 ||| PLANNING VAULTS:1-4
 29270 | Vaults:1 | 29270 ||| PLANNING D:1-11
 29270 | Vaults:1 | 29270 ||| RETREATING.
 29275 | Vaults:1 | Received a gift from Okawaru
 29279 | Vaults:1 | 29279 ||| INVOKING Heroism.
 29280 | Vaults:1 | 29280 ||| Stepping ~*~*~tactically~*~*~ (retreating).
 29283 | Vaults:1 | 29283 ||| Stepping ~*~*~tactically~*~*~ (retreating).
 29284 | Vaults:1 | 29284 ||| Stepping ~*~*~tactically~*~*~ (retreating).
 29285 | Vaults:1 | 29285 ||| Stepping ~*~*~tactically~*~*~ (retreating).
 29286 | Vaults:1 | 29286 ||| Stepping ~*~*~tactically~*~*~ (retreating).
 29287 | Vaults:1 | 29287 ||| Stepping ~*~*~tactically~*~*~ (retreating).
 29288 | Vaults:1 | 29288 ||| Stepping ~*~*~tactically~*~*~ (retreating).
 29289 | Vaults:1 | 29289 ||| INVOKING Finesse.
 29295 | Vaults:1 | 29295 ||| Stepping ~*~*~tactically~*~*~ (retreating).
 29297 | Vaults:1 | HP: 24/132 [ironbound frostheart/creeping frost (23)]
 29298 | Vaults:1 | 29298 ||| READING 12 scrolls of teleportation.
 29299 | Vaults:1 | 29299 ||| DRINKING 6 potions of heal wounds.
 29543 | Vaults:1 | 29543 ||| Stepping ~*~*~tactically~*~*~ (retreating).
 29544 | Vaults:1 | 29544 ||| Stepping ~*~*~tactically~*~*~ (retreating).
 29939 | D:2      | 29939 ||| PLANNING LAIR
 30137 | Lair:5   | 30137 ||| PLANNING D:1-11
 30475 | D:11     | 30475 ||| PLANNING D
 30569 | D:15     | 30569 ||| PLANNING ORC
 30712 | Orc:2    | 30712 ||| PLANNING SNAKE:1-3
 30824 | Snake:3  | 30824 ||| PLANNING SWAMP:1-3
 30904 | Swamp:3  | 30904 ||| PLANNING SNAKE:4
 31001 | Snake:4  | 31001 ||| PLANNING VAULTS:1-4
 31238 | Vaults:1 | 31238 ||| PLANNING D:1-11
 31598 | D:2      | 31598 ||| PLANNING LAIR
 31796 | Lair:5   | 31796 ||| PLANNING D:1-11
 32134 | D:11     | 32134 ||| PLANNING D
 32228 | D:15     | 32228 ||| PLANNING ORC
 32371 | Orc:2    | 32371 ||| PLANNING SNAKE:1-3
 32483 | Snake:3  | 32483 ||| PLANNING SWAMP:1-3
 32563 | Swamp:3  | 32563 ||| PLANNING SNAKE:4
 32660 | Snake:4  | 32660 ||| PLANNING VAULTS:1-4
 32903 | Vaults:1 | 32903 ||| PLANNING D:1-11
 33273 | D:2      | 33273 ||| PLANNING LAIR
 33471 | Lair:5   | 33471 ||| PLANNING D:1-11
 33809 | D:11     | 33809 ||| PLANNING D
 33903 | D:15     | 33903 ||| PLANNING ORC
 34046 | Orc:2    | 34046 ||| PLANNING SWAMP:1-3
 34189 | Swamp:3  | 34189 ||| PLANNING SNAKE:1-3
 34270 | Snake:3  | 34270 ||| PLANNING SWAMP:4
 34360 | Swamp:4  | Entered Level 4 of the Swamp
 34361 | Swamp:4  | 34361 ||| INVOKING Heroism.
 34464 | Swamp:4  | 34464 ||| INVOKING Heroism.
 34468 | Swamp:4  | Reached XP level 19. HP: 137/137 MP: 23/26
 34503 | Swamp:4  | 34503 ||| RETREATING.
 34511 | Swamp:4  | 34511 ||| Stepping ~*~*~tactically~*~*~ (retreating).
 34606 | Swamp:4  | Reached skill level 12 in Dodging
 34663 | Swamp:4  | 34663 ||| RETREATING.
 34669 | Swamp:4  | 34669 ||| Stepping ~*~*~tactically~*~*~ (outnumbered).
 34733 | Swamp:4  | 34733 ||| FLEEEEING.
 34741 | Swamp:4  | 34741 ||| STAIRDANCE
 34800 | Swamp:4  | Identified the +6 shortbow "Dagg" {flame, rF+ Will+++ rCorr
                  | Stlth-} (Okawaru gifted it to you on level 4 of the Swamp)
 34800 | Swamp:4  | Received a gift from Okawaru
 34838 | Swamp:4  | 34838 ||| RETREATING.
 34846 | Swamp:4  | Noticed the 27-headed Lernaean hydra
 34856 | Swamp:4  | Killed the 27-headed Lernaean hydra
 34861 | Swamp:4  | 34861 ||| Stepping ~*~*~tactically~*~*~ (retreating).
 34862 | Swamp:4  | 34862 ||| Stepping ~*~*~tactically~*~*~ (retreating).
 34863 | Swamp:4  | 34863 ||| Stepping ~*~*~tactically~*~*~ (retreating).
 34864 | Swamp:4  | 34864 ||| Stepping ~*~*~tactically~*~*~ (retreating).
 34865 | Swamp:4  | 34865 ||| Stepping ~*~*~tactically~*~*~ (retreating).
 34866 | Swamp:4  | 34866 ||| Stepping ~*~*~tactically~*~*~ (retreating).
 34867 | Swamp:4  | 34867 ||| Stepping ~*~*~tactically~*~*~ (retreating).
 34868 | Swamp:4  | 34868 ||| RETREATING.
 34869 | Swamp:4  | 34869 ||| Stepping ~*~*~tactically~*~*~ (retreating).
 34870 | Swamp:4  | 34870 ||| INVOKING Heroism.
 34872 | Swamp:4  | 34872 ||| Stepping ~*~*~tactically~*~*~ (outnumbered).
 34873 | Swamp:4  | 34873 ||| Stepping ~*~*~tactically~*~*~ (retreating).
 34874 | Swamp:4  | 34874 ||| Stepping ~*~*~tactically~*~*~ (retreating).
 34875 | Swamp:4  | 34875 ||| Stepping ~*~*~tactically~*~*~ (retreating).
 34883 | Swamp:4  | 34883 ||| Stepping ~*~*~tactically~*~*~ (outnumbered).
 34901 | Swamp:4  | 34901 ||| INVOKING Heroism.
 35073 | Swamp:4  | 35073 ||| INVOKING Heroism.
 35157 | Swamp:4  | Got a decaying rune of Zot
 35195 | Swamp:4  | 35195 ||| INVOKING Heroism.
 35341 | Swamp:4  | 35341 ||| PLANNING VAULTS:1-4
 35341 | Swamp:4  | 35341 ||| DROPPING ring of see invisible.
 35654 | Vaults:1 | Reached skill level 22 in Fighting
 35873 | Vaults:1 | 35873 ||| INVOKING Heroism.
 35957 | Vaults:1 | You are sucked into a shaft and drop 1 floor!
 35966 | Vaults:2 | 35966 ||| Stepping ~*~*~tactically~*~*~ (retreating).
 35967 | Vaults:2 | 35967 ||| Stepping ~*~*~tactically~*~*~ (retreating).
 35968 | Vaults:2 | 35968 ||| Stepping ~*~*~tactically~*~*~ (retreating).
 35969 | Vaults:2 | 35969 ||| Stepping ~*~*~tactically~*~*~ (retreating).
 35970 | Vaults:2 | 35970 ||| Stepping ~*~*~tactically~*~*~ (retreating).
 35971 | Vaults:2 | 35971 ||| Stepping ~*~*~tactically~*~*~ (retreating).
 35972 | Vaults:2 | 35972 ||| INVOKING Heroism.
 35981 | Vaults:2 | HP: 34/139 [??? (8)]
 35981 | Vaults:2 | HP: 2/139 [ironbound frostheart/creeping frost (32)]
 35982 | Vaults:2 | 35982 ||| READING 12 scrolls of teleportation.
 35983 | Vaults:2 | 35983 ||| DRINKING 5 potions of heal wounds.
 35984 | Vaults:2 | 35984 ||| DRINKING 4 potions of heal wounds.
 36172 | Vaults:2 | 36172 ||| INVOKING Heroism.
 36631 | Vaults:2 | 36631 ||| INVOKING Heroism.
 36632 | Vaults:2 | 36632 ||| INVOKING Finesse.
 36734 | Vaults:2 | Identified the +8 mace of Acsyusch {heavy, rPois}
 36798 | Vaults:2 | 36798 ||| RETREATING.
 36936 | Vaults:2 | Found a runed translucent gate.
 36938 | Vaults:2 | Found a runed translucent gate.
 36938 | Vaults:2 | Found an ancient bone altar of Kikubaaqudgha.
 36938 | Vaults:2 | Noticed a dread lich
 36938 | Vaults:2 | Found the +4 Cigotuvi's embrace {Corpsefed rMiasma Drain
                  | rN+}
 36938 | Vaults:2 | Noticed qw's ghost (adept GrFi)
 36939 | Vaults:2 | Found a runed translucent gate.
 36939 | Vaults:2 | Noticed qw's ghost (adept MiHs)
 36949 | Vaults:2 | 36949 ||| INVOKING Heroism.
 36950 | Vaults:2 | 36950 ||| INVOKING Finesse.
 37050 | Vaults:1 | 37050 ||| PLANNING D:1-11
 37459 | D:2      | 37459 ||| PLANNING LAIR
 37657 | Lair:5   | 37657 ||| PLANNING D:1-11
 37995 | D:11     | 37995 ||| PLANNING D
 38089 | D:15     | 38089 ||| PLANNING ORC
 38232 | Orc:2    | 38232 ||| PLANNING SWAMP:1-3
 38375 | Swamp:3  | 38375 ||| PLANNING SNAKE:1-3
 38456 | Snake:3  | 38456 ||| PLANNING SWAMP:4
 38547 | Swamp:4  | 38547 ||| PLANNING VAULTS:1-4
 38847 | Vaults:1 | 38847 ||| PLANNING D:1-11
 39243 | D:2      | 39243 ||| PLANNING LAIR
 39441 | Lair:5   | 39441 ||| PLANNING D:1-11
 39779 | D:11     | 39779 ||| PLANNING D
 39873 | D:15     | 39873 ||| PLANNING ORC
 40016 | Orc:2    | 40016 ||| PLANNING SNAKE:1-3
 40128 | Snake:3  | 40128 ||| PLANNING SWAMP:1-3
 40208 | Swamp:3  | 40208 ||| PLANNING SNAKE:4
 40305 | Snake:4  | 40305 ||| PLANNING VAULTS:1-4
 40569 | Vaults:1 | Found a runed translucent door.
 40569 | Vaults:1 | Found a shimmering altar of Xom.
 40569 | Vaults:1 | Found the +2 hat of the Bear Spirit {Spirit, Bear, *Rage
                  | Will++}
 40569 | Vaults:1 | Noticed Dacon's ghost (adept MiGl)
 40588 | Vaults:1 | 40588 ||| PLANNING D:1-11
 40593 | Vaults:1 | Noticed Saint Roka
 40594 | Vaults:1 | 40594 ||| INVOKING Heroism.
 40599 | Vaults:1 | 40599 ||| RETREATING.
 40614 | Vaults:1 | 40614 ||| INVOKING Heroism.
 40620 | Vaults:1 | Killed Saint Roka
 41198 | D:2      | 41198 ||| PLANNING LAIR
 41396 | Lair:5   | 41396 ||| PLANNING D:1-11
 41734 | D:11     | 41734 ||| PLANNING D
 41828 | D:15     | 41828 ||| PLANNING ORC
 41971 | Orc:2    | 41971 ||| PLANNING SWAMP:1-3
 42114 | Swamp:3  | 42114 ||| PLANNING SNAKE:1-3
 42195 | Snake:3  | 42195 ||| PLANNING SWAMP:4
 42286 | Swamp:4  | 42286 ||| PLANNING VAULTS:1-4
 42587 | Vaults:1 | 42587 ||| PLANNING D:1-11
 42984 | D:2      | 42984 ||| PLANNING LAIR
 43182 | Lair:5   | 43182 ||| PLANNING D:1-11
 43520 | D:11     | 43520 ||| PLANNING D
 43614 | D:15     | 43614 ||| PLANNING ORC
 43757 | Orc:2    | 43757 ||| PLANNING SNAKE:1-3
 43869 | Snake:3  | 43869 ||| PLANNING SWAMP:1-3
 43949 | Swamp:3  | 43949 ||| PLANNING SNAKE:4
 44046 | Snake:4  | 44046 ||| PLANNING VAULTS:1-4
 44324 | Vaults:1 | 44324 ||| PLANNING D:1-11
 44324 | Vaults:1 | 44324 ||| DROPPING +1 longbow of flaming.
 44725 | D:2      | 44725 ||| PLANNING LAIR
 44923 | Lair:5   | 44923 ||| PLANNING D:1-11
 45261 | D:11     | 45261 ||| PLANNING D
 45355 | D:15     | 45355 ||| PLANNING ORC
 45498 | Orc:2    | 45498 ||| PLANNING SWAMP:1-3
 45641 | Swamp:3  | 45641 ||| PLANNING SNAKE:1-3
 45722 | Snake:3  | 45722 ||| PLANNING SWAMP:4
 45813 | Swamp:4  | 45813 ||| PLANNING VAULTS:1-4
 46128 | Vaults:1 | 46128 ||| PLANNING D:1-11
 46540 | D:2      | 46540 ||| PLANNING LAIR
 46738 | Lair:5   | 46738 ||| PLANNING D:1-11
 47076 | D:11     | 47076 ||| PLANNING D
 47170 | D:15     | 47170 ||| PLANNING ORC
 47313 | Orc:2    | 47313 ||| PLANNING SNAKE:1-3
 47425 | Snake:3  | 47425 ||| PLANNING SWAMP:1-3
 47505 | Swamp:3  | 47505 ||| PLANNING SNAKE:4
 47602 | Snake:4  | 47602 ||| PLANNING VAULTS:1-4
 47898 | Vaults:1 | 47898 ||| PLANNING D:1-11
 48308 | D:2      | 48308 ||| PLANNING LAIR
 48506 | Lair:5   | 48506 ||| PLANNING D:1-11
 48844 | D:11     | 48844 ||| PLANNING D
 48938 | D:15     | 48938 ||| PLANNING ORC
 49081 | Orc:2    | 49081 ||| PLANNING SWAMP:1-3
 49224 | Swamp:3  | 49224 ||| PLANNING SNAKE:1-3
 49305 | Snake:3  | 49305 ||| PLANNING SWAMP:4
 49396 | Swamp:4  | 49396 ||| PLANNING VAULTS:1-4
 49797 | Vaults:1 | 49797 ||| Stepping ~*~*~tactically~*~*~ (outnumbered).
 49871 | Vaults:1 | 49871 ||| RETREATING.
 49881 | Vaults:1 | 49881 ||| FLEEEEING.
 49882 | Vaults:1 | 49882 ||| FLEEEEING.
 49883 | Vaults:1 | 49883 ||| FLEEEEING.
 49884 | Vaults:1 | 49884 ||| FLEEEEING.
 49885 | Vaults:1 | 49885 ||| FLEEEEING.
 49886 | Vaults:1 | 49886 ||| FLEEEEING.
 49887 | Vaults:1 | 49887 ||| FLEEEEING.
 49888 | Vaults:1 | 49888 ||| FLEEEEING.
 49889 | Vaults:1 | 49889 ||| FLEEEEING.
 49890 | Vaults:1 | 49890 ||| FLEEEEING.
 49891 | Vaults:1 | 49891 ||| FLEEEEING.
 49892 | Vaults:1 | 49892 ||| FLEEEEING.
 49893 | Vaults:1 | 49893 ||| FLEEEEING.
 49894 | Vaults:1 | 49894 ||| FLEEEEING.
 49895 | Vaults:1 | 49895 ||| FLEEEEING.
 49896 | Vaults:1 | 49896 ||| FLEEEEING.
 49897 | Vaults:1 | 49897 ||| FLEEEEING.
 49898 | Vaults:1 | 49898 ||| FLEEEEING.
 49899 | Vaults:1 | 49899 ||| FLEEEEING.
 49900 | Vaults:1 | 49900 ||| FLEEEEING.
 49905 | Vaults:1 | 49905 ||| FLEEEEING.
 49906 | Vaults:1 | 49906 ||| FLEEEEING.
 49907 | Vaults:1 | 49907 ||| FLEEEEING.
 49908 | Vaults:1 | 49908 ||| FLEEEEING.
 49909 | Vaults:1 | 49909 ||| FLEEEEING.
 49910 | Vaults:1 | 49910 ||| FLEEEEING.
 49911 | Vaults:1 | 49911 ||| FLEEEEING.
 49912 | Vaults:1 | 49912 ||| FLEEEEING.
 49913 | Vaults:1 | 49913 ||| FLEEEEING.
 49914 | Vaults:1 | 49914 ||| FLEEEEING.
 49919 | Vaults:1 | 49919 ||| FLEEEEING.
 49920 | Vaults:1 | 49920 ||| FLEEEEING.
 49921 | Vaults:1 | 49921 ||| FLEEEEING.
 49925 | Vaults:1 | 49925 ||| FLEEEEING.
 49926 | Vaults:1 | 49926 ||| FLEEEEING.
 49927 | Vaults:1 | 49927 ||| FLEEEEING.
 49928 | Vaults:1 | 49928 ||| FLEEEEING.
 49943 | Vaults:1 | 49943 ||| Stepping ~*~*~tactically~*~*~ (retreating).
 49944 | Vaults:1 | 49944 ||| Stepping ~*~*~tactically~*~*~ (retreating).
 49945 | Vaults:1 | 49945 ||| Stepping ~*~*~tactically~*~*~ (retreating).
 49947 | Vaults:1 | 49947 ||| Stepping ~*~*~tactically~*~*~ (retreating).
 49948 | Vaults:1 | 49948 ||| STAIRDANCE
 49953 | Vaults:1 | 49953 ||| STAIRDANCE
 49962 | D:13     | Reached skill level 23 in Fighting
 50036 | Vaults:1 | 50036 ||| PLANNING D:1-11
 50395 | D:2      | 50395 ||| PLANNING LAIR
 50593 | Lair:5   | 50593 ||| PLANNING D:1-11
 50931 | D:11     | 50931 ||| PLANNING D
 51025 | D:15     | 51025 ||| PLANNING ORC
 51168 | Orc:2    | 51168 ||| PLANNING SNAKE:1-3
 51280 | Snake:3  | 51280 ||| PLANNING SWAMP:1-3
 51360 | Swamp:3  | 51360 ||| PLANNING SNAKE:4
 51457 | Snake:4  | 51457 ||| PLANNING VAULTS:1-4
 51854 | Vaults:1 | 51854 ||| PLANNING D:1-11
 52282 | D:2      | 52282 ||| PLANNING LAIR
 52480 | Lair:5   | 52480 ||| PLANNING D:1-11
 52818 | D:11     | 52818 ||| PLANNING D
 52912 | D:15     | 52912 ||| PLANNING ORC
 53055 | Orc:2    | 53055 ||| PLANNING SNAKE:1-3
 53167 | Snake:3  | 53167 ||| PLANNING SWAMP:1-3
 53247 | Swamp:3  | 53247 ||| PLANNING SNAKE:4
 53344 | Snake:4  | 53344 ||| PLANNING VAULTS:1-4
 53782 | Vaults:1 | Upgraded the game from 0.31-a0-675-g238779eb0a to
                  | 0.31-a0-676-gec73a1986a
 53782 | Vaults:1 | Upgraded the game from 0.31-a0-676-gec73a1986a to
                  | 0.31-a0-691-g409c26aa35
 53782 | Vaults:1 | 53782 ||| PLANNING D:1-11
 53782 | Vaults:1 | 53782 ||| Stepping ~*~*~tactically~*~*~ (retreating).
 53783 | Vaults:1 | 53783 ||| Stepping ~*~*~tactically~*~*~ (retreating).
 53784 | Vaults:1 | 53784 ||| Stepping ~*~*~tactically~*~*~ (retreating).
 53785 | Vaults:1 | 53785 ||| Stepping ~*~*~tactically~*~*~ (retreating).
 53786 | Vaults:1 | 53786 ||| Stepping ~*~*~tactically~*~*~ (retreating).
 53787 | Vaults:1 | 53787 ||| Stepping ~*~*~tactically~*~*~ (retreating).
 53788 | Vaults:1 | 53788 ||| Stepping ~*~*~tactically~*~*~ (retreating).
 53822 | Vaults:1 | 53822 ||| INVOKING Heroism.
 53841 | Vaults:1 | Reached XP level 20. HP: 138/148 MP: 17/27
 53872 | Vaults:1 | 53872 ||| FLEEEEING.
 54284 | D:3      | Noticed Natasha
 54286 | D:3      | Killed Natasha
 54303 | D:2      | 54303 ||| PLANNING LAIR
 54501 | Lair:5   | 54501 ||| PLANNING D:1-11
 54839 | D:11     | 54839 ||| PLANNING D
 54933 | D:15     | 54933 ||| PLANNING ORC
 55076 | Orc:2    | 55076 ||| PLANNING SWAMP:1-3
 55219 | Swamp:3  | 55219 ||| PLANNING SNAKE:1-3
 55300 | Snake:3  | 55300 ||| PLANNING SWAMP:4
 55391 | Swamp:4  | 55391 ||| PLANNING VAULTS:1-4
 55713 | Vaults:1 | 55713 ||| INVOKING Heroism.
 55859 | Vaults:1 | Identified the +0 longbow of Qazlal's Supremacy {flame, rF+
                  | rN+ Dex+4}
 55861 | Vaults:1 | 55861 ||| INVOKING Heroism.
 55864 | Vaults:1 | 55864 ||| Stepping ~*~*~tactically~*~*~ (retreating).
 55882 | Vaults:1 | 55882 ||| Stepping ~*~*~tactically~*~*~ (outnumbered).
 55883 | Vaults:1 | 55883 ||| Stepping ~*~*~tactically~*~*~ (outnumbered).
 55919 | Vaults:1 | 55919 ||| INVOKING Heroism.
 56054 | Vaults:1 | 56054 ||| SWAPPING to +0 longbow of Qazlal's Supremacy
                  | {flame, rF+ rN+ Dex+4}.
 56091 | Vaults:1 | 56091 ||| INVOKING Heroism.
 56124 | Vaults:1 | 56124 ||| RETREATING.
 56191 | Vaults:1 | 56191 ||| PLANNING VAULTS:1-4
 56551 | Vaults:2 | Found a staircase to the Crypt.
 56661 | Vaults:2 | 56661 ||| Stepping ~*~*~tactically~*~*~ (retreating).
 56665 | Vaults:2 | 56665 ||| Stepping ~*~*~tactically~*~*~ (retreating).
 56674 | Vaults:2 | 56674 ||| INVOKING Heroism.
 56692 | Vaults:2 | HP: 34/148 [vampire knight/+0 war axe (12)]
 56693 | Vaults:2 | 56693 ||| READING 12 scrolls of teleportation.
 56694 | Vaults:2 | 56694 ||| DRINKING 3 potions of heal wounds.
 57185 | Vaults:3 | 57185 ||| Stepping ~*~*~tactically~*~*~ (retreating).
 57186 | Vaults:3 | 57186 ||| Stepping ~*~*~tactically~*~*~ (retreating).
 57301 | Vaults:2 | 57301 ||| PLANNING VAULTS:1-4
 57301 | Vaults:2 | 57301 ||| SWAPPING to +8 storm bow {elec, penet}.
 57321 | Vaults:3 | 57321 ||| STAIRDANCE
 57333 | Vaults:2 | 57333 ||| INVOKING Heroism.
 57515 | Vaults:3 | 57515 ||| Stepping ~*~*~tactically~*~*~ (retreating).
 57516 | Vaults:3 | 57516 ||| Stepping ~*~*~tactically~*~*~ (retreating).
 57517 | Vaults:3 | 57517 ||| Stepping ~*~*~tactically~*~*~ (retreating).
 57518 | Vaults:3 | 57518 ||| Stepping ~*~*~tactically~*~*~ (retreating).
 57519 | Vaults:3 | 57519 ||| Stepping ~*~*~tactically~*~*~ (retreating).
 57520 | Vaults:3 | 57520 ||| Stepping ~*~*~tactically~*~*~ (retreating).
 57630 | Vaults:3 | 57630 ||| FLEEEEING.
 57631 | Vaults:3 | 57631 ||| FLEEEEING.
 57636 | Vaults:3 | 57636 ||| Stepping ~*~*~tactically~*~*~ (outnumbered).
 57641 | Vaults:3 | 57641 ||| FLEEEEING.
 57644 | Vaults:3 | 57644 ||| FLEEEEING.
 57645 | Vaults:3 | 57645 ||| FLEEEEING.
 57646 | Vaults:3 | 57646 ||| FLEEEEING.
 57650 | Vaults:3 | 57650 ||| STAIRDANCE
 57774 | Vaults:3 | 57774 ||| INVOKING Heroism.
 57907 | Vaults:3 | 57907 ||| PLANNING VAULTS:1-4
 57926 | Vaults:3 | 57926 ||| RETREATING.
 58034 | Vaults:3 | 58034 ||| Stepping ~*~*~tactically~*~*~ (outnumbered).
 58038 | Vaults:3 | 58038 ||| Stepping ~*~*~tactically~*~*~ (outnumbered).
 58044 | Vaults:3 | 58044 ||| Stepping ~*~*~tactically~*~*~ (outnumbered).
 58176 | Vaults:3 | 58176 ||| RETREATING.
 58187 | Vaults:3 | Reached skill level 24 in Fighting
 58248 | Vaults:3 | 58248 ||| INVOKING Heroism.
 58249 | Vaults:3 | 58249 ||| INVOKING Finesse.
 58411 | Vaults:3 | 58411 ||| FLEEEEING.
 58412 | Vaults:3 | 58412 ||| FLEEEEING.
 58413 | Vaults:3 | 58413 ||| FLEEEEING.
 58414 | Vaults:3 | 58414 ||| FLEEEEING.
 58415 | Vaults:3 | 58415 ||| FLEEEEING.
 58416 | Vaults:3 | 58416 ||| FLEEEEING.
 58417 | Vaults:3 | 58417 ||| FLEEEEING.
 58418 | Vaults:3 | 58418 ||| FLEEEEING.
 58419 | Vaults:3 | 58419 ||| FLEEEEING.
 58420 | Vaults:3 | 58420 ||| FLEEEEING.
 58421 | Vaults:3 | 58421 ||| FLEEEEING.
 58422 | Vaults:3 | 58422 ||| FLEEEEING.
 58423 | Vaults:3 | 58423 ||| FLEEEEING.
 58424 | Vaults:3 | 58424 ||| FLEEEEING.
 58535 | Vaults:3 | 58535 ||| INVOKING Heroism.
 58536 | Vaults:3 | 58536 ||| RETREATING.
 58537 | Vaults:3 | 58537 ||| INVOKING Finesse.
 58542 | Vaults:3 | Received a gift from Okawaru
 58545 | Vaults:3 | Reached skill level 15 in Armour
 58576 | Vaults:3 | 58576 ||| DROPPING +0 longbow of draining.
 58617 | Vaults:3 | 58617 ||| Stepping ~*~*~tactically~*~*~ (retreating).
 58705 | Vaults:3 | 58705 ||| Stepping ~*~*~tactically~*~*~ (retreating).
 58706 | Vaults:3 | 58706 ||| Stepping ~*~*~tactically~*~*~ (retreating).
 58707 | Vaults:3 | 58707 ||| Stepping ~*~*~tactically~*~*~ (retreating).
 58728 | Vaults:3 | 58728 ||| Stepping ~*~*~tactically~*~*~ (retreating).
 58729 | Vaults:3 | 58729 ||| RETREATING.
 58737 | Vaults:3 | 58737 ||| INVOKING Heroism.
 58905 | Vaults:3 | Identified the +2 pair of boots of Fuschiufomn {rF++}
 58957 | Vaults:3 | Found Yhifias's Distillery.
 58963 | Vaults:3 | 58963 ||| BUYING potion of curing (54 gold).
 58963 | Vaults:3 | Bought a potion of curing for 54 gold pieces
 58963 | Vaults:3 | 58963 ||| BUYING potion of enlightenment (90 gold).
 58963 | Vaults:3 | Bought a potion of enlightenment for 90 gold pieces
 58963 | Vaults:3 | 58963 ||| BUYING potion of enlightenment (90 gold).
 58963 | Vaults:3 | Bought a potion of enlightenment for 90 gold pieces
 58963 | Vaults:3 | 58963 ||| BUYING potion of might (72 gold).
 58963 | Vaults:3 | Bought a potion of might for 72 gold pieces
 58963 | Vaults:3 | 58963 ||| BUYING potion of might (72 gold).
 58963 | Vaults:3 | Bought a potion of might for 72 gold pieces
 58963 | Vaults:3 | 58963 ||| BUYING potion of mutation (144 gold).
 58963 | Vaults:3 | Bought a potion of mutation for 144 gold pieces
 58996 | Vaults:3 | 58996 ||| RETREATING.
 59003 | Vaults:3 | Reached XP level 21. HP: 151/156 MP: 28/28
 59121 | Vaults:3 | 59121 ||| RETREATING.
 59247 | Vaults:3 | 59247 ||| UPGRADING to +2 pair of boots of Fuschiufomn
                  | {rF++}.
 59257 | Vaults:3 | 59257 ||| DROPPING +2 pair of boots.
 59328 | Vaults:4 | 59328 ||| Stepping ~*~*~tactically~*~*~ (outnumbered).
 59329 | Vaults:4 | 59329 ||| Stepping ~*~*~tactically~*~*~ (outnumbered).
 59398 | Vaults:4 | 59398 ||| INVOKING Heroism.
 59399 | Vaults:4 | 59399 ||| INVOKING Finesse.
 59400 | Vaults:4 | 59400 ||| RETREATING.
 59404 | Vaults:4 | 59404 ||| Stepping ~*~*~tactically~*~*~ (outnumbered).
 59512 | Vaults:4 | 59512 ||| Stepping ~*~*~tactically~*~*~ (outnumbered).
 59515 | Vaults:4 | 59515 ||| Stepping ~*~*~tactically~*~*~ (outnumbered).
 59592 | Vaults:4 | Identified the staff of the Candle {rF++ Dex+6 Stlth+ Conj}
 59595 | Vaults:4 | Reached ****** piety under Okawaru
 59597 | Vaults:4 | Received a gift from Okawaru
 59598 | Vaults:4 | Reached skill level 25 in Fighting
 59681 | Vaults:4 | Found Ihov's Weapon Boutique.
 59682 | Vaults:4 | 59682 ||| Stepping ~*~*~tactically~*~*~ (outnumbered).
 59689 | Vaults:4 | 59689 ||| Stepping ~*~*~tactically~*~*~ (outnumbered).
 59787 | Vaults:4 | 59787 ||| RETREATING.
 59912 | Vaults:4 | 59912 ||| Stepping ~*~*~tactically~*~*~ (outnumbered).
 60204 | Vaults:4 | 60204 ||| RETREATING.
 60211 | Vaults:4 | 60211 ||| FLEEEEING.
 60212 | Vaults:4 | 60212 ||| FLEEEEING.
 60221 | Vaults:4 | Reached skill level 15 in Dodging
 60379 | Vaults:4 | 60379 ||| DROPPING +0 troll leather armour.
 60380 | Vaults:4 | 60380 ||| DROPPING +1 cloak.
 60582 | Vaults:4 | Found Jatoomim's Distillery.
 60587 | Vaults:4 | 60587 ||| BUYING potion of cancellation (96 gold).
 60587 | Vaults:4 | Bought a potion of cancellation for 96 gold pieces
 60587 | Vaults:4 | 60587 ||| BUYING potion of curing (36 gold).
 60587 | Vaults:4 | Bought a potion of curing for 36 gold pieces
 60587 | Vaults:4 | 60587 ||| BUYING potion of curing (36 gold).
 60587 | Vaults:4 | Bought a potion of curing for 36 gold pieces
 60587 | Vaults:4 | 60587 ||| BUYING potion of curing (36 gold).
 60587 | Vaults:4 | Bought a potion of curing for 36 gold pieces
 60587 | Vaults:4 | 60587 ||| BUYING potion of enlightenment (60 gold).
 60587 | Vaults:4 | Bought a potion of enlightenment for 60 gold pieces
 60587 | Vaults:4 | 60587 ||| BUYING potion of haste (120 gold).
 60587 | Vaults:4 | Bought a potion of haste for 120 gold pieces
 60587 | Vaults:4 | 60587 ||| BUYING potion of heal wounds (60 gold).
 60587 | Vaults:4 | Bought a potion of heal wounds for 60 gold pieces
 60587 | Vaults:4 | 60587 ||| BUYING potion of magic (96 gold).
 60587 | Vaults:4 | Bought a potion of magic for 96 gold pieces
 60587 | Vaults:4 | 60587 ||| PLANNING SNAKE:4
 60587 | Vaults:4 | 60587 ||| DROPPING +1 ring mail of fire resistance.
 60922 | Snake:4  | 60922 ||| PLANNING DEPTHS
 61244 | Depths:1 | Entered Level 1 of the Depths
 61248 | Depths:1 | 61248 ||| RETREATING.
 61260 | Depths:1 | 61260 ||| Stepping ~*~*~tactically~*~*~ (retreating).
 61322 | Depths:1 | 61322 ||| RETREATING.
 61323 | Depths:1 | 61323 ||| Stepping ~*~*~tactically~*~*~ (retreating).
 61324 | Depths:1 | 61324 ||| Stepping ~*~*~tactically~*~*~ (retreating).
 61325 | Depths:1 | Received a gift from Okawaru
 61327 | Depths:1 | 61327 ||| RETREATING.
 61337 | Depths:1 | 61337 ||| INVOKING Heroism.
 61338 | Depths:1 | 61338 ||| INVOKING Finesse.
 61382 | Depths:1 | Noticed the Enchantress
 61403 | Depths:1 | Killed the Enchantress
 61425 | Depths:1 | 61425 ||| Stepping ~*~*~tactically~*~*~ (retreating).
 61426 | Depths:1 | 61426 ||| Stepping ~*~*~tactically~*~*~ (retreating).
 61484 | Depths:1 | Found Ymnoheth's Book Shop.
 61485 | Depths:1 | Found Denul's Jewellery Shoppe.
 61487 | Depths:1 | Found Xusea's Book Shop.
 61495 | Depths:1 | 61495 ||| BUYING +6 ring of dexterity (396 gold).
 61495 | Depths:1 | Bought a +6 ring of dexterity for 396 gold pieces
 61495 | Depths:1 | 61495 ||| BUYING ring of protection from fire (275 gold).
 61495 | Depths:1 | Bought a ring of protection from fire for 275 gold pieces
 61602 | Depths:1 | Found a hazy altar of Hepliaklqana.
 61735 | Depths:1 | 61735 ||| Stepping ~*~*~tactically~*~*~ (outnumbered).
 61745 | Depths:1 | Noticed Norris
 61746 | Depths:1 | 61746 ||| Stepping ~*~*~tactically~*~*~ (retreating).
 61747 | Depths:1 | 61747 ||| Stepping ~*~*~tactically~*~*~ (retreating).
 61748 | Depths:1 | 61748 ||| RETREATING.
 61749 | Depths:1 | 61749 ||| Stepping ~*~*~tactically~*~*~ (retreating).
 61765 | Depths:1 | Killed Norris
 61766 | Depths:1 | Reached XP level 22. HP: 140/166 MP: 29/29
 61810 | Depths:1 | 61810 ||| Stepping ~*~*~tactically~*~*~ (outnumbered).
 61860 | Depths:1 | Found a gateway to Hell.
 62016 | Depths:1 | 62016 ||| RETREATING.
 62023 | Depths:1 | 62023 ||| INVOKING Finesse.
 62164 | Depths:1 | 62164 ||| DROPPING +4 ring mail of poison resistance.
 62165 | Depths:1 | 62165 ||| DROPPING +1 robe of cold resistance.
 62166 | Depths:1 | 62166 ||| DROPPING ring of fire.
 62167 | Depths:1 | 62167 ||| UPGRADING to +6 ring of dexterity.
 62169 | Depths:1 | 62169 ||| DROPPING +4 ring of protection.
 62196 | Depths:2 | 62196 ||| INVOKING Heroism.
 62197 | Depths:2 | 62197 ||| INVOKING Finesse.
 62198 | Depths:2 | 62198 ||| STAIRDANCE
 62232 | Depths:2 | 62232 ||| STAIRDANCE
 62342 | Depths:2 | 62342 ||| INVOKING Heroism.
 62345 | Depths:2 | 62345 ||| STAIRDANCE
 62364 | Depths:2 | Received a gift from Okawaru
 62370 | Depths:2 | 62370 ||| INVOKING Finesse.
 62371 | Depths:2 | 62371 ||| Stepping ~*~*~tactically~*~*~ (retreating).
 62372 | Depths:2 | 62372 ||| Stepping ~*~*~tactically~*~*~ (retreating).
 62373 | Depths:2 | 62373 ||| Stepping ~*~*~tactically~*~*~ (retreating).
 62376 | Depths:2 | Noticed a golden dragon
 62383 | Depths:2 | 62383 ||| Stepping ~*~*~tactically~*~*~ (retreating).
 62384 | Depths:2 | 62384 ||| STAIRDANCE
 62434 | Depths:2 | 62434 ||| STAIRDANCE
 62436 | Depths:1 | 62436 ||| INVOKING Heroism.
 62447 | Depths:1 | Received a gift from Okawaru
 62491 | Depths:2 | 62491 ||| INVOKING Heroism.
 62492 | Depths:2 | 62492 ||| INVOKING Finesse.
 62498 | Depths:2 | Killed a golden dragon
 62604 | Depths:2 | 62604 ||| STAIRDANCE
 62658 | Depths:2 | 62658 ||| INVOKING Finesse.
 62733 | Depths:2 | 62733 ||| INVOKING Heroism.
 62734 | Depths:2 | 62734 ||| Stepping ~*~*~tactically~*~*~ (outnumbered).
 62759 | Depths:2 | 62759 ||| INVOKING Finesse.
 62800 | Depths:2 | 62800 ||| INVOKING Heroism.
 62828 | Depths:2 | 62828 ||| RETREATING.
 62831 | Depths:2 | 62831 ||| Stepping ~*~*~tactically~*~*~ (retreating).
 62832 | Depths:2 | 62832 ||| Stepping ~*~*~tactically~*~*~ (retreating).
 62833 | Depths:2 | 62833 ||| Stepping ~*~*~tactically~*~*~ (retreating).
 62864 | Depths:2 | 62864 ||| INVOKING Heroism.
 62865 | Depths:2 | 62865 ||| INVOKING Finesse.
 62871 | Depths:2 | 62871 ||| Stepping ~*~*~tactically~*~*~ (outnumbered).
 62878 | Depths:2 | 62878 ||| Stepping ~*~*~tactically~*~*~ (retreating).
 62879 | Depths:2 | 62879 ||| Stepping ~*~*~tactically~*~*~ (retreating).
 62880 | Depths:2 | 62880 ||| Stepping ~*~*~tactically~*~*~ (retreating).
 63069 | Depths:2 | Identified the +6 long sword "Zuvuepn" {flame, rCorr SInv}
 63080 | Depths:2 | Found a one-way gateway to a ziggurat.
 63107 | Depths:2 | 63107 ||| RETREATING.
 63129 | Depths:2 | 63129 ||| Stepping ~*~*~tactically~*~*~ (retreating).
 63138 | Depths:2 | Received a gift from Okawaru
 63138 | Depths:2 | Found the +4 robe of Folly {Brill Will-∞ Int+8}
 63183 | Depths:2 | You are sucked into a shaft and drop 1 floor!
 63186 | Depths:3 | 63186 ||| RETREATING.
 63187 | Depths:3 | 63187 ||| Stepping ~*~*~tactically~*~*~ (retreating).
 63188 | Depths:3 | 63188 ||| INVOKING Heroism.
 63189 | Depths:3 | 63189 ||| INVOKING Finesse.
 63190 | Depths:3 | 63190 ||| Stepping ~*~*~tactically~*~*~ (retreating).
 63276 | Depths:3 | 63276 ||| INVOKING Heroism.
 63322 | Depths:3 | 63322 ||| INVOKING Finesse.
 63327 | Depths:3 | Reached skill level 26 in Fighting
 63392 | Depths:3 | Noticed a caustic shrike
 63393 | Depths:3 | 63393 ||| INVOKING Heroism.
 63394 | Depths:3 | 63394 ||| INVOKING Finesse.
 63398 | Depths:3 | 63398 ||| Stepping ~*~*~tactically~*~*~ (retreating).
 63402 | Depths:3 | Killed a caustic shrike
 63425 | Depths:3 | 63425 ||| INVOKING Heroism.
 63563 | Depths:3 | 63563 ||| INVOKING Heroism.
 63572 | Depths:3 | Received a gift from Okawaru
 63616 | Depths:3 | 63616 ||| INVOKING Heroism.
 63716 | Depths:2 | 63716 ||| INVOKING Heroism.
 63892 | Depths:2 | Found a one-way gate leading to the halls of Pandemonium.
 63904 | Depths:2 | Reached XP level 23. HP: 171/172 MP: 24/30
 64041 | Depths:3 | 64041 ||| INVOKING Heroism.
 64059 | Depths:3 | Found a runed translucent gate.
 64061 | Depths:3 | Found a runed translucent gate.
 64063 | Depths:3 | Found a runed translucent gate.
 64065 | Depths:3 | Noticed qw's ghost (veteran GrFi)
 64134 | Depths:3 | 64134 ||| RETREATING.
 64137 | Depths:3 | 64137 ||| Stepping ~*~*~tactically~*~*~ (retreating).
 64138 | Depths:3 | 64138 ||| Stepping ~*~*~tactically~*~*~ (retreating).
 64149 | Depths:3 | 64149 ||| INVOKING Heroism.
 64189 | Depths:3 | Reached skill level 18 in Dodging
 64193 | Depths:3 | 64193 ||| Stepping ~*~*~tactically~*~*~ (retreating).
 64223 | Depths:3 | 64223 ||| Stepping ~*~*~tactically~*~*~ (retreating).
 64242 | Depths:3 | 64242 ||| Stepping ~*~*~tactically~*~*~ (outnumbered).
 64245 | Depths:3 | 64245 ||| Stepping ~*~*~tactically~*~*~ (retreating).
 64247 | Depths:3 | 64247 ||| INVOKING Heroism.
 64248 | Depths:3 | 64248 ||| Stepping ~*~*~tactically~*~*~ (retreating).
 64249 | Depths:3 | 64249 ||| RETREATING.
 64251 | Depths:3 | 64251 ||| Stepping ~*~*~tactically~*~*~ (retreating).
 64257 | Depths:3 | 64257 ||| Stepping ~*~*~tactically~*~*~ (retreating).
 64261 | Depths:3 | 64261 ||| Stepping ~*~*~tactically~*~*~ (retreating).
 64444 | Depths:3 | Found an ancient bone altar of Kikubaaqudgha.
 64453 | Depths:3 | 64453 ||| INVOKING Heroism.
 64554 | Depths:3 | 64554 ||| INVOKING Heroism.
 64555 | Depths:3 | 64555 ||| Stepping ~*~*~tactically~*~*~ (outnumbered).
 64604 | Depths:3 | Noticed a juggernaut
 64613 | Depths:3 | 64613 ||| INVOKING Heroism.
 64617 | Depths:3 | Killed a juggernaut
 64722 | Depths:3 | Identified the +4 broad axe "Arbiter" {heavy, Drain Will+
                  | rCorr Dex+2}
 64799 | Depths:3 | 64799 ||| INVOKING Heroism.
 64802 | Depths:3 | 64802 ||| Stepping ~*~*~tactically~*~*~ (outnumbered).
 64969 | Depths:3 | Found a corrupted altar of Lugonu.
 64970 | Depths:3 | Found a one-way gate to the infinite horrors of the Abyss.
 65188 | Depths:3 | 65188 ||| INVOKING Heroism.
 65357 | Depths:4 | Entered Level 4 of the Depths
 65368 | Depths:4 | 65368 ||| STAIRDANCE
 65444 | Depths:4 | 65444 ||| STAIRDANCE
 65453 | Depths:3 | 65453 ||| INVOKING Heroism.
 65667 | Depths:4 | 65667 ||| RETREATING.
 65674 | Depths:4 | 65674 ||| RETREATING.
 65896 | Depths:4 | 65896 ||| RETREATING.
 65907 | Depths:4 | 65907 ||| Stepping ~*~*~tactically~*~*~ (retreating).
 65971 | Depths:4 | 65971 ||| RETREATING.
 66039 | Depths:4 | 66039 ||| Stepping ~*~*~tactically~*~*~ (outnumbered).
 66045 | Depths:4 | 66045 ||| Stepping ~*~*~tactically~*~*~ (outnumbered).
 66046 | Depths:4 | 66046 ||| INVOKING Heroism.
 66082 | Depths:4 | Noticed a golden dragon
 66083 | Depths:4 | 66083 ||| RETREATING.
 66100 | Depths:4 | 66100 ||| FLEEEEING.
 66101 | Depths:4 | 66101 ||| FLEEEEING.
 66102 | Depths:4 | 66102 ||| INVOKING Finesse.
 66157 | Depths:4 | 66157 ||| INVOKING Heroism.
 66162 | Depths:4 | Killed a golden dragon
 66213 | Depths:4 | 66213 ||| STAIRDANCE
 66500 | Depths:4 | 66500 ||| INVOKING Heroism.
 66501 | Depths:4 | 66501 ||| INVOKING Finesse.
 66570 | Depths:4 | Noticed a caustic shrike
 66571 | Depths:4 | 66571 ||| INVOKING Heroism.
 66574 | Depths:4 | Noticed a caustic shrike
 66575 | Depths:4 | 66575 ||| RETREATING.
 66576 | Depths:4 | 66576 ||| Stepping ~*~*~tactically~*~*~ (retreating).
 66577 | Depths:4 | 66577 ||| Stepping ~*~*~tactically~*~*~ (retreating).
 66578 | Depths:4 | Killed a caustic shrike
 66578 | Depths:4 | Noticed a caustic shrike
 66580 | Depths:4 | Noticed a caustic shrike
 66581 | Depths:4 | 66581 ||| Stepping ~*~*~tactically~*~*~ (retreating).
 66584 | Depths:4 | Killed a caustic shrike
 66585 | Depths:4 | 66585 ||| INVOKING Finesse.
 66601 | Depths:4 | Killed a caustic shrike
 66601 | Depths:4 | Received a gift from Okawaru
 66606 | Depths:4 | Killed a caustic shrike
 66813 | Depths:4 | 66813 ||| INVOKING Finesse.
 66924 | Depths:4 | Found a gate to the Realm of Zot.
 67010 | Depths:4 | 67010 ||| PLANNING VAULTS:5
 67347 | Vaults:5 | Entered Level 5 of the Vaults
 67348 | Vaults:5 | 67348 ||| INVOKING Heroism.
 67355 | Vaults:5 | Reached skill level 27 in Fighting
 67366 | Vaults:5 | 67366 ||| STAIRDANCE
 67374 | Vaults:4 | 67374 ||| Stepping ~*~*~tactically~*~*~ (retreating).
 67377 | Vaults:4 | HP: 42/175 [vault guard/+0 great mace (4)]
 67378 | Vaults:4 | 67378 ||| READING 14 scrolls of teleportation.
 67379 | Vaults:4 | 67379 ||| DRINKING 5 potions of heal wounds.
 67382 | Vaults:4 | 67382 ||| DRINKING 4 potions of heal wounds.
 67423 | Vaults:4 | 67423 ||| INVOKING Heroism.
 67644 | Vaults:5 | 67644 ||| STAIRDANCE
 67646 | Vaults:4 | 67646 ||| Stepping ~*~*~tactically~*~*~ (retreating).
 67655 | Vaults:4 | 67655 ||| INVOKING Heroism.
 67817 | Vaults:5 | 67817 ||| STAIRDANCE
 67835 | Vaults:5 | 67835 ||| INVOKING Heroism.
 67851 | Vaults:5 | Noticed a dread lich
 67852 | Vaults:5 | 67852 ||| INVOKING Finesse.
 67857 | Vaults:5 | 67857 ||| RETREATING.
 67863 | Vaults:5 | Reached XP level 24. HP: 181/181 MP: 27/31
 67868 | Vaults:5 | Killed a dread lich
 67883 | Vaults:5 | 67883 ||| Stepping ~*~*~tactically~*~*~ (outnumbered).
 67890 | Vaults:5 | 67890 ||| INVOKING Heroism.
 67895 | Vaults:5 | Received a gift from Okawaru
 67950 | Vaults:5 | 67950 ||| FLEEEEING.
 67954 | Vaults:5 | 67954 ||| FLEEEEING.
 67960 | Vaults:5 | 67960 ||| STAIRDANCE
 68007 | Vaults:5 | 68007 ||| INVOKING Heroism.
 68025 | Vaults:5 | Identified the amulet of Onypsety {Spirit Dex+4}
 68037 | Vaults:5 | Identified the +5 whip "Jellybane" {flame, rF+ Int+6}
 68198 | Vaults:5 | 68198 ||| RETREATING.
 68200 | Vaults:5 | 68200 ||| INVOKING Heroism.
 68404 | Vaults:5 | Found the +2 Maxwell's thermic engine {flame, freeze, rev}
 68443 | Vaults:5 | Identified the amulet of Dupuf {Acrobat rC+ rCorr Slay+3}
 68527 | Vaults:5 | Reached skill level 18 in Armour
 68527 | Vaults:5 | 68527 ||| FLEEEEING.
 68532 | Vaults:5 | 68532 ||| FLEEEEING.
 68533 | Vaults:5 | 68533 ||| FLEEEEING.
 68534 | Vaults:5 | 68534 ||| FLEEEEING.
 68535 | Vaults:5 | 68535 ||| FLEEEEING.
 68536 | Vaults:5 | 68536 ||| FLEEEEING.
 68668 | Vaults:5 | 68668 ||| INVOKING Finesse.
 68669 | Vaults:5 | 68669 ||| RETREATING.
 68762 | Vaults:5 | 68762 ||| RETREATING.
 68764 | Vaults:5 | 68764 ||| INVOKING Heroism.
 68832 | Vaults:5 | Got a silver rune of Zot
 68844 | Vaults:5 | 68844 ||| FLEEEEING.
 68847 | Vaults:5 | 68847 ||| RETREATING.
 68875 | Vaults:5 | 68875 ||| Stepping ~*~*~tactically~*~*~ (retreating).
 68876 | Vaults:5 | 68876 ||| Stepping ~*~*~tactically~*~*~ (retreating).
 68877 | Vaults:5 | 68877 ||| Stepping ~*~*~tactically~*~*~ (retreating).
 68878 | Vaults:5 | 68878 ||| Stepping ~*~*~tactically~*~*~ (retreating).
 68878 | Vaults:5 | Identified the +0 eveningstar "Vemiofe" {heavy, rElec Int+3
                  | Dex+4}
 68879 | Vaults:5 | 68879 ||| Stepping ~*~*~tactically~*~*~ (retreating).
 68880 | Vaults:5 | 68880 ||| Stepping ~*~*~tactically~*~*~ (retreating).
 68881 | Vaults:5 | 68881 ||| Stepping ~*~*~tactically~*~*~ (retreating).
 68882 | Vaults:5 | 68882 ||| Stepping ~*~*~tactically~*~*~ (retreating).
 68885 | Vaults:5 | 68885 ||| INVOKING Heroism.
 68913 | Vaults:5 | Identified the +6 spear of Patience {chaos, rF+}
 68961 | Vaults:5 | 68961 ||| FLEEEEING.
 68962 | Vaults:5 | 68962 ||| FLEEEEING.
 68963 | Vaults:5 | 68963 ||| FLEEEEING.
 68968 | Vaults:5 | 68968 ||| INVOKING Heroism.
 68973 | Vaults:5 | 68973 ||| RETREATING.
 68974 | Vaults:5 | 68974 ||| Stepping ~*~*~tactically~*~*~ (retreating).
 68975 | Vaults:5 | 68975 ||| Stepping ~*~*~tactically~*~*~ (retreating).
 69423 | Vaults:5 | 69423 ||| INVOKING Heroism.
 69431 | Vaults:5 | Identified the +0 ring mail of Vampiric Thralls {Will-
                  | Str+4 Int+3} (Okawaru gifted it to you on level 5 of the
                  | Vaults)
 69431 | Vaults:5 | Received a gift from Okawaru
 69544 | Vaults:5 | 69544 ||| PLANNING SHOPPING SPREE
 69544 | Vaults:5 | 69544 ||| DROPPING +0 ring mail of Vampiric Thralls {Will-
                  | Str+4 Int+3}.
 69545 | Vaults:5 | 69545 ||| DROPPING amulet of reflection.
 69546 | Vaults:5 | 69546 ||| DROPPING ring of willpower.
 69945 | D:3      | 69945 ||| BUYING glowing leather armour (135 gold).
 69945 | D:3      | Bought a glowing leather armour for 135 gold pieces
 69945 | D:3      | 69945 ||| BUYING runed ring mail (189 gold).
 69945 | D:3      | Bought a runed ring mail for 189 gold pieces
 69945 | D:3      | 69945 ||| DROPPING +2 leather armour of willpower.
 69946 | D:3      | 69946 ||| DROPPING +2 ring mail of cold resistance.
 69947 | D:3      | 69947 ||| PLANNING ZOT:1-4
 70450 | Zot:1    | Entered Level 1 of the Realm of Zot
 70463 | Zot:1    | 70463 ||| RETREATING.
 70464 | Zot:1    | 70464 ||| Stepping ~*~*~tactically~*~*~ (outnumbered).
 70474 | Zot:1    | 70474 ||| Stepping ~*~*~tactically~*~*~ (retreating).
 70475 | Zot:1    | 70475 ||| Stepping ~*~*~tactically~*~*~ (retreating).
 70480 | Zot:1    | 70480 ||| Stepping ~*~*~tactically~*~*~ (retreating).
 70577 | Zot:1    | 70577 ||| Stepping ~*~*~tactically~*~*~ (outnumbered).
 70578 | Zot:1    | 70578 ||| RETREATING.
 70584 | Zot:1    | 70584 ||| INVOKING Heroism.
 70603 | Zot:1    | 70603 ||| Stepping ~*~*~tactically~*~*~ (retreating).
 70604 | Zot:1    | 70604 ||| Stepping ~*~*~tactically~*~*~ (retreating).
 70605 | Zot:1    | 70605 ||| Stepping ~*~*~tactically~*~*~ (outnumbered).
 70616 | Zot:1    | 70616 ||| Stepping ~*~*~tactically~*~*~ (retreating).
 70617 | Zot:1    | 70617 ||| RETREATING.
 70618 | Zot:1    | 70618 ||| Stepping ~*~*~tactically~*~*~ (retreating).
 70619 | Zot:1    | 70619 ||| Stepping ~*~*~tactically~*~*~ (retreating).
 70620 | Zot:1    | 70620 ||| Stepping ~*~*~tactically~*~*~ (retreating).
 70621 | Zot:1    | 70621 ||| Stepping ~*~*~tactically~*~*~ (retreating).
 70622 | Zot:1    | Noticed a curse toe
 70624 | Zot:1    | 70624 ||| Stepping ~*~*~tactically~*~*~ (outnumbered).
 70627 | Zot:1    | 70627 ||| Stepping ~*~*~tactically~*~*~ (retreating).
 70642 | Zot:1    | Killed a curse toe
 71023 | Zot:1    | 71023 ||| INVOKING Heroism.
 71203 | Zot:1    | 71203 ||| INVOKING Heroism.
 71367 | Zot:1    | 71367 ||| INVOKING Heroism.
 71392 | Zot:1    | 71392 ||| Stepping ~*~*~tactically~*~*~ (outnumbered).
 71435 | Zot:1    | 71435 ||| RETREATING.
 71438 | Zot:1    | 71438 ||| Stepping ~*~*~tactically~*~*~ (retreating).
 71439 | Zot:1    | 71439 ||| Stepping ~*~*~tactically~*~*~ (retreating).
 71440 | Zot:1    | 71440 ||| INVOKING Heroism.
 71451 | Zot:1    | HP: 42/181 [green draconian monk (25)]
 71452 | Zot:1    | 71452 ||| READING 13 scrolls of teleportation.
 71453 | Zot:1    | 71453 ||| DRINKING 4 potions of heal wounds.
 71455 | Zot:1    | 71455 ||| DRINKING 3 potions of heal wounds.
 71457 | Zot:1    | HP: 45/181 [green draconian/+0 battleaxe (15)]
 71458 | Zot:1    | 71458 ||| DRINKING 2 potions of heal wounds.
 71459 | Zot:1    | 71459 ||| DRINKING potion of heal wounds.
 71909 | Zot:1    | Noticed a curse toe
 71910 | Zot:1    | 71910 ||| INVOKING Heroism.
 71932 | Zot:1    | Killed a curse toe
 71933 | Zot:1    | Reached XP level 25. HP: 103/187 MP: 31/31
 72173 | Zot:1    | 72173 ||| INVOKING Heroism.
 72851 | Zot:2    | 72851 ||| Stepping ~*~*~tactically~*~*~ (outnumbered).
 72856 | Zot:2    | 72856 ||| Stepping ~*~*~tactically~*~*~ (outnumbered).
 72861 | Zot:2    | 72861 ||| INVOKING Heroism.
 72932 | Zot:2    | 72932 ||| INVOKING Heroism.
 72947 | Zot:2    | Identified the +2 whip "Dejat" {heavy, rPois Dex+5}
 73029 | Zot:2    | 73029 ||| INVOKING Heroism.
 73034 | Zot:2    | 73034 ||| RETREATING.
 73334 | Zot:2    | 73334 ||| INVOKING Heroism.
 73342 | Zot:2    | Received a gift from Okawaru
 73807 | Zot:3    | 73807 ||| RETREATING.
 73813 | Zot:3    | 73813 ||| INVOKING Heroism.
 73844 | Zot:3    | Reached skill level 21 in Dodging
 73853 | Zot:3    | HP: 36/187 [green draconian monk[a purple draconian
                  | shifter] (17)]
 73854 | Zot:3    | 73854 ||| READING 12 scrolls of teleportation.
 73854 | Zot:3    | HP: 16/187 [tentacled monstrosity (7)]
 73855 | Zot:3    | Slain by a green draconian monk

Levels and vault maps discovered:
D:1:      dpeg_arrival_renting, layout_basic, minmay_bisected
D:2:      layout_rooms
D:3:      layout_loops_cross, mainiacjoe_overflow_concentric_impassable,
          shapermc_ecumenical_altar_gd, serial_shops,
          nicolae_shop_real_fake_doors, uniq_robin
D:4:      layout_basic, mainiacjoe_overflow_big_doors, serial_rivers,
          chequers_serial_rivers_micro_d, chequers_serial_rivers_large_b,
          chequers_serial_rivers_micro_b, chequers_serial_rivers_room_a,
          chequers_serial_rivers_micro_c, uniq_natasha, uniq_menkaure
D:5:      layout_loops_ring
D:6:      kennysheep_housing_project, layout_basic,
          kennysheep_opposing_triangles, uniq_jeremiah
D:7:      layout_basic, lemuel_mausoleum_altar_yredelemnul,
          minmay_temple_entry_statues_fountains
D:8:      layout_basic, minmay_lair_entry_grove, kennysheep_dice, uniq_maggie
D:9:      layout_big_octagon, grunt_nemelex_the_gamble,
          kennysheep_orc_monster_closet_entryway, minmay_sticks_and_stones
D:10:     layout_cave_pools, elyvilon_altar_3, kennysheep_cross_bottleneck,
          due_unseen_surprise, uniq_gastronok
D:11:     minmay_twisted_water, layout_rooms, uniq_psyche, uniq_erolcha,
          uniq_urug, uniq_grum, uniq_snorg
D:12:     layout_roguey, gammafunk_ghost_wrathful_warriors, serial_glass,
          glass_columns_b, glass_columns_c, glass_columns_b, glass_columns_a,
          grunt_ministairs_5, einodemon_armed_red_devil_minivault, uniq_jorgrun
D:13:     minmay_guarded_unrand_guard, layout_loops_ring, david_vaults_1,
          uniq_lodul
D:14:     minmay_the_grid_four_pointed_star [minmay_the_grid_triangle_9x9_sprig,
          minmay_the_grid_triangle_9x9_descending_squares,
          minmay_the_grid_triangle_9x9_corruption,
          minmay_the_grid_triangle_9x9_dagger,
          minmay_the_grid_prize_shrinking_boxes], layout_layer_cave,
          minmay_misc_feat_chi
D:15:     grunt_enter_depths_snipers, layout_basic, serial_bayou_shore_a,
          laboratory, uniq_louise, uniq_kirke
Temple:   kb_temple_of_zot
Lair:1:   layout_chaotic_city
Lair:2:   layout_cave_pods, uniq_fannar, uniq_sonja
Lair:3:   layout_cave_pods, nicolae_swamp_entry_splash_gauntlet,
          minmay_snake_entry_six_corridors, kennysheep_rathole, uniq_josephine
Lair:4:   layout_loops_ring, beast_lair_carwin_9
Lair:5:   gammafunk_lair_ancient_temple, layout_hall_layers,
          nicolae_slime_entry_slimehenge
Swamp:1:  layout_basic_swamp, infiniplex_staircase_pool_2, swamp_pool3
Swamp:2:  layout_basic_swamp, evilmike_swamp_ruin_rubble_1,
          infiniplex_staircase_pool, uniq_donald
Swamp:3:  layout_basic_swamp, nicolae_swamp_well_well_well, swamp_pool3,
          nicolae_swamp_spooky_pond
Swamp:4:  grunt_swamp_rune_castle, layout_basic_swamp, hangedman_swamp_pad,
          swamp_pool4
Snake:1:  layout_basic, nicolae_snake_serpentine_hallways
Snake:2:  layout_misc_corridors, serial_shops,
          nicolae_shop_bloodbath_and_beyond, uniq_asterion
Snake:3:  layout_grid_maze
Snake:4:  johnstein_snake_rune_scales, layout_chambers, nicolae_shop_vocational,
          uniq_mara
Orc:1:    gammafunk_beogh_shrine, layout_caves, serial_shops,
          nicolae_shop_tiny_real_fake_doors, minmay_orc_keep
Orc:2:    grunt_orc_community_town_hall, layout_caves,
          grunt_orc_community_big_house_1, grunt_orc_community_big_house_2,
          grunt_orc_community_house_1, grunt_orc_community_house_2,
          grunt_orc_community_house_1, grunt_orc_community_house_2,
          grunt_orc_community_house_3, grunt_orc_community_house_2
Vaults:1: ebering_ghost_xom, st_greater_box_1, nicolae_vaults_ninety_degrees,
          vaults_room_boxed, nicolae_vaults_diagonal_hallway_9,
          nicolae_vaults_double_plus_1, nicolae_vaults_yaktaur_gun_rack,
          nicolae_vaults_house_2, grunt_vaults_focal, dpeg_vaults_monster_box,
          vaults_room_semicircle, layout_vaults_omnigrid, uniq_saint_roka
Vaults:2: gammafunk_ghost_crypt, hangedman_vaults_stream,
          nicolae_vaults_variable_pillar_hall, minmay_crypt_entry_simple_plaza,
          nicolae_vaults_trapezoid_lopsided_2, vaults_room_large_hall,
          hangedman_vaults_snaps, v_alt_pattern_4, v_alt_pattern_2,
          ontoclasm_vaults_pinch, nicolae_vaults_tetromino_Z_1,
          nicolae_vaults_network_s, nicolae_vaults_alarming,
          nicolae_vaults_house_1, vaults_room_fours, layout_vaults_ring
Vaults:3: v_misc_25, v_rooms_1, nicolae_vaults_offset_grid_hallway_4,
          vaults_room_large_hall, nicolae_vaults_border_crossing,
          nicolae_vaults_apartment_1, nicolae_vaults_double_plus_2,
          nicolae_vaults_little_ls, ontoclasm_vaults_chip,
          hangedman_vaults_capsules, ontoclasm_vaults_eye, v_rooms_6,
          nicolae_vaults_offset_grid_hallway_3, st_cells,
          vaults_room_semicircle, layout_vaults_maze_bifur, serial_shops,
          nicolae_shop_crystal
Vaults:4: nicolae_vaults_what_the_h, v_misc_17, nicolae_vaults_stepped_doors,
          nicolae_vaults_taking_the_gang_shopping, nicolae_vaults_rhombus_7,
          nicolae_vaults_trapezoid_lopsided_4, st_lattice,
          nicolae_vaults_door_testing_chamber, nicolae_vaults_little_squares_6,
          nicolae_vaults_mini_display_case, nicolae_vaults_apartment_2,
          layout_vaults_big_room, serial_shops, shop
Vaults:5
Depths:1: layout_cave_shapes, minmay_crystal_water, hell_entry,
          nzn_hepliaklqana_mist_gate, minmay_shop_grove, grunt_megastairs_5,
          uniq_enchantress, uniq_norris
Depths:2: hangedman_arrow_trap, layout_cave_pools, enter_ziggurat_e,
          nicolae_hell_entry_hellmouth_sunbeams, rand_demon_pan_entry_4
Depths:3: minmay_tearing_corner, layout_basic, abyss_entry_flame_altar,
          grunt_hell_entry_dis_old, kiku_gazebo_pond_becter,
          gammafunk_ghost_tricky_traps
Depths:4: grunt_zot_entry_alcove, layout_cave_pools, hell_entry,
          hangedman_abyss_or_decor_stagger, hangedman_abyss_or_decor_slice,
          grunt_megastairs_4
Zot:1:    layout_onion_interference
Zot:2:    layout_cathedral_of_symmetry
Zot:3:    regret_index_qazlal_generations, layout_onion_interference

Skill      XL: |  1  2  3  4  5  6  7  8  9 10 11 12 13 14 15 16 17 18 19 20 21 22 23 24 25 |
---------------+----------------------------------------------------------------------------+-----
Armour         | 1 2 3 6 9 10 12 13 14 15 16 17 19 | 19.0
Ranged Weapons | 5 6 7 8 10 11 13 14 15 17 19 20 | 20.1
Fighting       | 3 4 5 6 8 9 10 11 13 14 17 19 21 23 24 25 26 27 | 27.0
Dodging        | 2 3 4 5 6 7 8 9 10 11 12 13 15 17 18 20 21 | 21.0
Invocations    | 4 6 10 11 | 11.6
Stealth        | |  1.1

Action                     |  1- 3 |  4- 6 |  7- 9 | 10-12 | 13-15 | 16-18 | 19-21 | 22-24 | 25-27 || total
---------------------------+-------+-------+-------+-------+-------+-------+-------+-------+-------++-------
   Fire: Shortbow          |    76 |   193 |    78 |       |       |       |       |       |       ||   347
         Longbow           |       |       |   151 |   326 |   850 |  1224 |  1247 |  1437 |   160 ||  5395
 Invoke: Heroism           |       |       |       |    12 |    20 |    31 |    24 |    44 |     6 ||   137
         Finesse           |       |       |       |     1 |     6 |     9 |     6 |    16 |       ||    38
    Use: Scroll            |     5 |     7 |    11 |     6 |    10 |     2 |     2 |     2 |     1 ||    46
         Potion            |       |     2 |     1 |       |       |     1 |     3 |     6 |       ||    13
 Armour: Leather armour    |    18 |    37 |    48 |    27 |       |       |       |       |       ||   130
         Ring mail         |     3 |    27 |       |       |    59 |   333 |   505 |   489 |    91 ||  1507
         Acid dragon scale |       |       |       |    55 |       |       |       |       |       ||    55
         Robe              |       |       |       |    13 |    62 |       |       |       |       ||    75
         Troll leather arm |       |       |       |       |    24 |       |       |       |       ||    24
  Dodge: Dodged            |    11 |    83 |    34 |    74 |    90 |   305 |   478 |   777 |   187 ||  2039
  Block: Other             |       |       |       |    18 |    27 |       |       |       |       ||    45
         Reflection        |       |       |       |       |     4 |       |       |       |       ||     4

Table legend:
 A = Non-vault XP
 B = Vault XP
 C = Vault XP percentage of total XP
 D = Non-vault monster count
 E = Vault monster count
 F = Vault count percentage of total count
                 A         B        C        D         E       F
            +---------+---------+-------+---------+---------+-------
      Total |  560667 |  451888 |  44.6 |    1126 |     743 |  39.8
            +---------+---------+-------+---------+---------+-------
        D:1 |      28 |       4 |  12.5 |      15 |       2 |  11.8
        D:2 |      84 |       0 |   0.0 |      19 |       0 |   0.0
        D:3 |      87 |      75 |  46.3 |      21 |      13 |  38.2
        D:4 |     340 |     169 |  33.2 |      31 |       1 |   3.1
        D:5 |     782 |       0 |   0.0 |      16 |       0 |   0.0
        D:6 |     854 |    1436 |  62.7 |      15 |      35 |  70.0
        D:7 |    1212 |     487 |  28.7 |      24 |      12 |  33.3
        D:8 |    2737 |    2636 |  49.1 |      20 |      14 |  41.2
        D:9 |    4726 |    2052 |  30.3 |      28 |      21 |  42.9
       D:10 |    2434 |    1507 |  38.2 |      23 |       1 |   4.2
       D:11 |    4802 |    7671 |  61.5 |      27 |      23 |  46.0
       D:12 |    3042 |    4060 |  57.2 |       7 |       7 |  50.0
       D:13 |    8059 |   10483 |  56.5 |      14 |      22 |  61.1
       D:14 |    4180 |    6479 |  60.8 |       8 |      12 |  60.0
       D:15 |   12673 |    8846 |  41.1 |      25 |      21 |  45.7
     Lair:1 |    7021 |       0 |   0.0 |      11 |       0 |   0.0
     Lair:2 |    8079 |    1654 |  17.0 |      29 |       2 |   6.5
     Lair:3 |    8436 |    5130 |  37.8 |      31 |      25 |  44.6
     Lair:4 |    1994 |    2559 |  56.2 |       6 |       8 |  57.1
     Lair:5 |   13772 |    7782 |  36.1 |      32 |      21 |  39.6
    Swamp:1 |   11388 |       0 |   0.0 |      26 |       0 |   0.0
    Swamp:2 |    9713 |    1385 |  12.5 |      16 |       1 |   5.9
    Swamp:3 |    9759 |    4899 |  33.4 |      16 |       7 |  30.4
    Swamp:4 |   12612 |   23113 |  64.7 |      26 |      33 |  55.9
    Snake:1 |   17445 |       0 |   0.0 |      42 |       0 |   0.0
    Snake:2 |    8322 |    1741 |  17.3 |      15 |       1 |   6.2
    Snake:3 |   14268 |       0 |   0.0 |      30 |       0 |   0.0
    Snake:4 |   31405 |   29258 |  48.2 |      69 |      37 |  34.9
      Orc:1 |    5665 |     270 |   4.5 |      39 |       9 |  18.8
      Orc:2 |    2708 |    4727 |  63.6 |      40 |      69 |  63.3
   Vaults:1 |    7815 |   46869 |  85.7 |      14 |      64 |  82.1
   Vaults:2 |   23843 |   15865 |  40.0 |      37 |      21 |  36.2
   Vaults:3 |   27877 |   38252 |  57.8 |      32 |      46 |  59.0
   Vaults:4 |   35202 |   32103 |  47.7 |      50 |      40 |  44.4
   Vaults:5 |   15107 |   81034 |  84.3 |      20 |      77 |  79.4
   Depths:1 |   36299 |   25823 |  41.6 |      51 |      29 |  36.2
   Depths:2 |   32572 |   20733 |  38.9 |      40 |      26 |  39.4
   Depths:3 |   34846 |   43324 |  55.4 |      38 |      26 |  40.6
   Depths:4 |   39771 |   19462 |  32.9 |      41 |      17 |  29.3
      Zot:1 |   60002 |       0 |   0.0 |      48 |       0 |   0.0
      Zot:2 |   18552 |       0 |   0.0 |      14 |       0 |   0.0
      Zot:3 |   20154 |       0 |   0.0 |      20 |       0 |   0.0
            +---------+---------+-------+---------+---------+-------
